 Dungeon Crawl Stone Soup version 0.31-a0-152-g6aa68a64a1 (webtiles) character file.

Game seed: 4241727950569638240

537112 qw the Slayer (level 25, 0/181 HPs)
             Began as a Gargoyle Fighter on June 11, 2023.
             Was an Elder of Okawaru.
             Slain by a purple draconian
             ... wielding a +0 halberd
              (13 damage)
             ... on level 4 of the Realm of Zot.
             The game lasted 00:40:45 (50011 turns).

qw the Slayer (Gargoyle Fighter)                   Turns: 50011, Time: 00:40:45

Health: 0/181      AC: 67    Str: 36    XL:     25   Next: 85%
Magic:  30/30      EV: 13    Int: 15    God:    Okawaru [****..]
Gold:   1498       SH: 26    Dex: 11    Spells: 24/24 levels left

rFire   + + +        e - +9 broad axe (spect)
rCold   + + .        P - +2 tower shield {AC+3}
rNeg    + + .        J - +0 crystal plate armour of Mental Paralysis {Int+7}
rPois   inf          r - +4 helmet of the Farrier {Rampage}
rElec   +            G - scarf "Atoder" {rC+ rF+, -Cast Will+ Str+3}
rCorr   .            u - +2 pair of gloves "Ampycody" {rElec rF+ rN+}
SInv    +            D - +1 pair of boots "Pouqida" {Regen+}
Will    ++++.        k - amulet of faith Stlth
                     I - ring of Temperance {rF+ rC+ Will+ Int-3}
HPRegen 1.30/turn    O - ring of Tiyblida {Will+ Dex+3 SInv}
MPRegen 0.22/turn

%: no spellcasting, rampage, faith
@: about to teleport, heroic, flying, slowed, very slow
A: sickness immunity, AC +19, big wings, negative energy resistance 1,
electricity resistance, torment resistance 1, petrification resistance, strong 1
}: 3/15 runes: barnacled, silver, gossamer
a: Renounce Religion, Heroism, Finesse


You were on level 4 of the Realm of Zot.
You worshipped Okawaru.
Okawaru was greatly pleased with you.
You visited 9 branches of the dungeon, and saw 44 of its levels.
You also visited: Gauntlet.

You collected 7972 gold pieces.
You spent 6474 gold pieces at shops.


Innate Abilities, Weirdness & Mutations

You are immune to sickness and miasma.
Your stone body is resilient. (AC +19)
You are immune to poison.
Your large and strong wings let you fly.
You resist negative energy. (rN+)
You are resistant to electric shocks. (rElec)
You are resistant to unholy torment.
You are immune to petrification.
Your muscles are strong. (Str +4, Int/Dex -1)


   Skills:
 - Level 25.0(27) Fighting
 - Level 18.0(23.0) Axes
 + Level 14.9(19.9) Throwing
 - Level 22.0(27) Armour
 - Level 9.1(14.1) Dodging
 - Level 22.0(27) Shields
 - Level 10.0 Invocations


You had 24 spell levels left.
You didn't know any spells.
Your spell library was empty.

Inventory:

Hand Weapons
 e - a +9 spectral broad axe (weapon)
Missiles
 l - 32 boomerangs
 F - 11 javelins
 S - 5 silver boomerangs
 T - a silver javelin (quivered)
Armour
 a - the +3 pair of boots of the Ward {Fly rF- Will++ Dex+2}
   (Okawaru gifted it to you on level 1 of the Depths)

   Dex:       It affects your dexterity (+2).
   rF:        It makes you vulnerable to fire.
   Fly:       It grants you flight.
   Will:      It greatly increases your willpower.
 g - the +1 chain mail "Egiduada" {rF+ Will+ Str+5}
   (You bought it in a shop on level 11 of the Dungeon)

   Str:       It affects your strength (+5).
   rF:        It protects you from fire.
   Will:      It increases your willpower.
 m - +2 ice dragon scales
 r - the +4 helmet of the Farrier (worn) {Rampage}
   (Okawaru gifted it to you on level 4 of the Spider Nest)

   Rampage:   It bestows one free step when moving towards enemies.
 u - the +2 pair of gloves "Ampycody" (worn) {rElec rF+ rN+}
   (You acquired it on level 2 of the Spider Nest)

   rF:        It protects you from fire.
   rElec:     It insulates you from electricity.
   rN:        It protects you from negative energy.
 w - the +3 scale mail of Vanity {rF+ rCorr}
   (You found it on level 6 of the Dungeon)

   rF:        It protects you from fire.
   rCorr:     It protects you from acid and corrosion.
 A - the +4 dragonskin cloak
   (You took it off Tiamat on level 2 of the Realm of Zot)

   Avatar's Aegis: It grants the wearer a chance to resist fire, cold, poison,
   electricity, acid, and negative energy.
 D - the +1 pair of boots "Pouqida" (worn) {Regen+}
   (Okawaru gifted it to you on level 5 of the Lair of Beasts)

   Regen:     It increases your rate of health regeneration.
 G - the scarf "Atoder" (worn) {rC+ rF+, -Cast Will+ Str+3}
   (Okawaru gifted it to you on level 14 of the Dungeon)

   Str:       It affects your strength (+3).
   -Cast:     It prevents spellcasting.
   Will:      It increases your willpower.
 J - the +0 crystal plate armour of Mental Paralysis (worn) {Int+7}
   (Okawaru gifted it to you on level 3 of the Vaults)

   Int:       It affects your intelligence (+7).
 P - a +2 tower shield of protection (worn)
 Q - +0 gold dragon scales
Jewellery
 c - an amulet of reflection
 j - a ring of protection from fire
 k - an amulet of faith (around neck)
 s - a +5 ring of evasion
 v - a ring of resist corrosion
 y - the ring of Curiosity {rC+ rN+ rCorr Int+2}
   (You found it on level 2 of the Depths)

   [ring of positive energy]

   Int:       It affects your intelligence (+2).
   rC:        It protects you from cold.
   rN:        It protects you from negative energy.
   rCorr:     It protects you from acid and corrosion.
 z - the ring of Bakyebb {Fire rElec rPois Int-3 Slay+3}
   (You found it on level 4 of the Shoals)

   [ring of fire]

   It enhances your fire magic.
   Int:       It affects your intelligence (-3).
   Slay:      It affects your accuracy & damage with ranged weapons and melee
   (+3).
   rF:        It protects you from fire.
   rC:        It makes you vulnerable to cold.
   rElec:     It insulates you from electricity.
   rPois:     It protects you from poison.
 I - the ring of Temperance (left hand) {rF+ rC+ Will+ Int-3}
   (You found it in a Gauntlet)

   [ring of protection from cold]

   Int:       It affects your intelligence (-3).
   rF:        It protects you from fire.
   rC:        It protects you from cold.
   Will:      It increases your willpower.
 K - the ring of Zuf Ugei {rC+ MP+9 Int+4 SInv}
   (You found it on level 12 of the Dungeon)

   [ring of magical power]

   Int:       It affects your intelligence (+4).
   rC:        It protects you from cold.
   MP:        It affects your magic capacity (+9).
   SInv:      It lets you see invisible.
 O - the ring of Tiyblida (right hand) {Will+ Dex+3 SInv}
   (You found it on level 2 of the Depths)

   [ring of willpower]

   Dex:       It affects your dexterity (+3).
   SInv:      It lets you see invisible.
   Will:      It increases your willpower.
 Y - the ring of Eshas {rN+ MP+9 EV+5}
   (You bought it in a shop on level 2 of the Orcish Mines)

   [ring of evasion]

   EV:        It affects your evasion (+5).
   rN:        It protects you from negative energy.
   MP:        It affects your magic capacity (+9).
Wands
 E - a wand of digging (17)
Scrolls
 b - a scroll of enchant weapon
 i - 3 scrolls of brand weapon
 t - 18 scrolls of teleportation
 x - 15 scrolls of identify
 B - 3 scrolls of enchant armour
Potions
 d - 8 potions of might
 f - 5 potions of mutation
 h - 22 potions of curing
 n - 6 potions of attraction
 o - a potion of cancellation
 p - 5 potions of magic
 q - 6 potions of haste
 C - 9 potions of lignification
 H - a potion of resistance

Dungeon Overview and Level Annotations

Branches:
Dungeon (15/15)            Temple (1/1) D:7            Lair (5/5) D:9
 Shoals (4/4) Lair:3       Spider (4/4) Lair:2        Slime (0/5) Lair:5
    Orc (2/2) D:12            Elf (0/3) Orc:2        Vaults (5/5) D:14
  Crypt (0/3) Vaults:2     Depths (4/4) D:15            Zot (4/5) Depths:4
Gauntlet (visited)

Altars:
Ashenzari
Cheibriados
Dithmenos
Elyvilon
Fedhas
Gozag
Hepliaklqana
Kikubaaqudgha
Makhleb
Nemelex Xobeh
Okawaru
Qazlal
Ru
Sif Muna
Trog
Uskayaw
Vehumet
Wu Jian
Xom
Yredelemnul
Zin
The Shining One
Jiyva
Lugonu

Shops:
D:4 !   D:5 *   D:7 ?   D:8 [???:   D:11 [   Orc:2 [?=(   Shoals:3 *
Shoals:4 *   Vaults:2 [

Portals:
Hell: Depths:1 Depths:2 Depths:3 Depths:4
Abyss: Zot:2 Depths:1 Depths:3
Pandemonium: Depths:2
Ziggurat: Depths:2

Annotations:
D:6 1 runed translucent door, Crazy Yiuf
Shoals:4 3 runed translucent doors, AtomicRavioli's ghost, adept OgFi
Vaults:3 1 runed translucent door
Depths:1 2 transporters
Zot:2 2 transporters, qw's ghost, veteran GrFi


Message History

Okawaru accepts your kill.
You slice the deep elf annihilator!! You slash the lich!
You closely miss the death cob.
Your +9 spectral broad axe hits the lich!
Your +9 spectral broad axe hits the deep elf annihilator.
Your +9 spectral broad axe hits the deep elf annihilator!!
Your +9 spectral broad axe hits the lich!!
You block the death cob's attack. x2; The death cob hits you.
The death cob drains your vigour!
You feel as though you will be slow longer.
You block the purple draconian's attack.
The moth of wrath goads the jumping spider on!
The jumping spider goes berserk!
The jumping spider rages.
The black draconian hits you but does no damage.
The deep elf annihilator barely misses you.
The lich barely misses you.
You completely miss the deep elf annihilator.
The deep elf annihilator is severely wounded.
You slice the death cob!! You hit the lich but do no damage.
You open the death cob like a pillowcase!!!
Your +9 spectral broad axe hits the deep elf annihilator!!
Your +9 spectral broad axe hits the lich.
Your +9 spectral broad axe hits the lich!!!
You destroy the lich!
Okawaru accepts your kill.
Your +9 spectral broad axe misses the deep elf annihilator.
The death cob hits you but does no damage.
You block the death cob's attack.
The death cob hits you but does no damage.
You block the death cob's attack.
The purple draconian hits you from afar with a +0 halberd.
The moth of wrath misses your +9 spectral broad axe.
The death cob hits you but does no damage.
The black draconian hits you but does no damage.
The deep elf annihilator closely misses you.
The titan waves its arms in wide circles.
The air twists around and strikes you!!
The purple draconian hits you from afar with a +0 halberd!
You die...

# . ###+#+## ..
.. #.$$+$$ ...
... #.$#$. ...#
#... #.#.# ...#
#...#.e%#...#
#....#@(..#
#..zD#zy##
$$...#ddsDC..$$
+## #<.C.D#.##+
......#...$
##..#<...##.$
....#.... #.#
...#. .#... ##
...# . .##...


You could see a bone dragon, an iron dragon, a titan, a black draconian, a
purple draconian (berserk), a fire giant, 2 death cobs, an ice dragon, a deep
elf annihilator, a moth of wrath and a friendly +9 spectral broad axe.

Vanquished Creatures
  Tiamat (Zot:2)
  2 dread liches (Vaults:5)
  An orb of fire (Zot:2)
  An ancient lich (Vaults:5)
  A juggernaut (Depths:4)
  Mennas (Vaults:2)
  Bai Suzhen (Shoals:4)
  A Killer Klown (Zot:3)
  Nikola (Depths:1)
  5 bone dragons
  10 golden dragons
  A Brimstone Fiend (Depths:4)
  2 doom hounds (Zot:1)
  An electric golem (Zot:2)
  4 liches
  An Ice Fiend (Depths:4)
  3 titans
  16 tentacled monstrosities
  A walking earthen tome (Depths:4)
  Grunn (Zot:1)
  Asterion (Spider:4)
  A quicksilver dragon (Zot:3)
  A kraken (Shoals:1)
  Polyphemus (Shoals:4)
  6 death cobs
  4 sphinxes
  9 shadow dragons
  3 tengu reavers
  13 storm dragons
  Kirke (Spider:3)
  Agnes (Spider:3)
  Roxanne (Shoals:4)
  2 draconian monks
  A draconian knight (Zot:3)
  10 frost giants
  8 fire giants
  A revenant (Depths:3)
  2 draconian shifters
  6 emperor scorpions
  A caustic shrike zombie (Depths:3)
  23 vault wardens
  5 ghost moths
  A juggernaut zombie (Depths:3)
  3 draconian scorchers
  4 balrugs
  A spriggan defender (Depths:4)
  24 ironbound preservers
  7 draconian annihilators
  16 stone giants
  3 war gargoyles
  A draconian stormcaller (Zot:2)
  5 orc warlords
  27 very ugly things
  2 formless jellyfish
  A caustic shrike skeleton (Depths:1)
  7 ironbound thunderhulks
  5 purple draconians
  5 vampire knights
  11 black draconians
  3 white draconians
  9 green draconians
  A deep elf annihilator (Vaults:5)
  7 yellow draconians
  5 red draconians
  A minotaur (Gauntlet)
  16 spark wasps
  13 dire elephants
  12 ettins
  A quicksilver dragon zombie (Depths:3)
  4 blizzard demons (Depths:4)
  A deep elf high priest (Vaults:3)
  A deep elf death mage (Vaults:2)
  4 jiangshi (Depths:3)
  2 merfolk javelineers (Shoals:4)
  8 merfolk impalers
  A crystal guardian (Vaults:2)
  8 great orbs of eyes
  4 fire dragons
  3 entropy weavers
  18 yaktaur captains
  45 vault guards
  2 peacekeepers
  3 rakshasas
  6 hydras
  5 catoblepae
  2 hell beasts
  A death knight (Vaults:2)
  10 ice dragons
  8 ironbound frosthearts
  6 ogre magi
  An alligator snapping turtle (Shoals:3)
  7 merfolk avatars
  4 spriggan air magi
  11 centaur warriors
  13 boulder beetles
  3 radroaches
  8 two-headed ogres
  3 deep troll earth magi
  3 deep troll shamans
  7 demonic crawlers
  8 merfolk aquamancers
  2 satyrs (Shoals:4)
  3 tengu warriors
  5 hell hogs (Depths:3)
  5 orc high priests (Orc:2)
  4 death yaks (Shoals:4)
  2 vampire magi (Vaults:2)
  Sonja (D:12)
  2 titan zombies (Depths:3)
  11 hell knights
  A storm dragon zombie (Depths:1)
  2 soul eaters
  3 skysharks (Shoals:1)
  6 spriggan berserkers
  5 sun demons
  A deep elf knight (D:14)
  A shadow wraith (Vaults:4)
  3 sixfirhies
  10 iron trolls
  4 flayed ghosts
  A swamp dragon (Zot:2)
  73 deep trolls
  11 sea snakes
  A spark wasp zombie (Depths:1)
  4 pharaoh ants
  3 glowing orange brains
  15 orb spiders
  A death drake (Zot:2)
  2 golden dragon zombies
  Pikel (D:9)
  7 phantasmal warriors
  A deep elf archer (D:14)
  17 ironbound convokers
  11 lindwurms
  5 deep elf pyromancers
  15 orc knights
  6 wizards
  A golden dragon skeleton (Depths:3)
  7 steelbarb worms
  21 wolf spiders
  9 necromancers
  33 ugly things
  3 orc sorcerers
  A frost giant zombie (Depths:1)
  A faun (Shoals:2)
  12 harpies
  2 tengu skeletons (Depths:1)
  A salamander (Depths:3)
  14 manticores
  2 sphinx zombies
  2 oklob plants
  4 cyclopes
  3 fire giant zombies
  A human skeleton (Vaults:2)
  A sphinx skeleton (Depths:3)
  5 merfolk sirens
  2 moths of wrath (shapeshifter)
  28 moths of wrath
  A frost giant skeleton (Depths:1)
  An iron dragon skeleton (Depths:3)
  2 fire giant skeletons (Depths:1)
  6 smoke demons
  11 elephants
  3 orange demons
  24 vault sentinels
  6 black mambas
  4 rust devils (D:14)
  6 water nymphs
  Maggie (D:6)
  An unseen horror (D:11)
  8 torpor snails
  14 cane toads
  16 komodo dragons
  An efreet (D:13)
  A freezing wraith (Vaults:5)
  3 kobold demonologists (D:14)
  A hellion (Depths:4)
  4 ice devils
  43 yaktaurs
  A guardian mummy (Zot:4)
  6 tengu conjurers
  4 meliai
  34 merfolk
  2 hellwings (D:14)
  2 polar bears (Lair:5)
  6 trolls
  Prince Ribbit (D:6)
  A blink frog (shapeshifter) (D:15)
  2 raiju (Gauntlet)
  5 wind drakes
  15 tarantellas
  2 tyrant leeches (shapeshifter)
  11 hornets
  8 dream sheep
  29 blink frogs
  3 spriggan zombies
  30 slime creatures
  A centaur simulacrum (D:14)
  21 culicivoras
  6 snapping turtles
  4 flying skulls (Depths:3)
  23 jumping spiders
  A jumping spider (shapeshifter) (D:12)
  13 spriggans
  11 water elementals
  43 yaks
  5 shadows
  2 ynoxinuls (D:14)
  A wraith (D:11)
  6 basilisks
  6 wyverns
  5 hogs (Spider:3)
  A steam dragon (D:5)
  70 redbacks
  A neqoxec (D:14)
  16 vampire mosquitoes
  A glowing shapeshifter zombie (Depths:3)
  5 acid dragons
  3 wargs (Orc:2)
  6 water moccasins
  2 glowing shapeshifter skeletons
  4 sky beasts
  33 orc warriors
  8 black bears
  An ice beast (shapeshifter) (Vaults:5)
  8 ogres
  4 boggarts (Lair:5)
  30 wolves
  11 centaurs
  2 lemures (D:9)
  2 phantoms
  2 human zombies (Vaults:2)
  12 bullfrogs
  2 kobold brigands
  2 gnoll sergeants
  A scorpion (D:5)
  3 wights (D:7)
  9 killer bees
  3 electric eels (D:9)
  9 howler monkeys
  2 crimson imps (Depths:4)
  10 hounds
  37 orc priests
  2 gnoll boudas
  3 iguanas
  2 jellies
  2 sleepcaps (D:5)
  26 orc wizards
  2 lightning spires (Gauntlet)
  10 hell rats
  Robin (D:2)
  15 gnolls
  6 adders
  7 river rats (Lair:5)
  5 white imps
  An ufetubus (D:6)
  5 worms
  91 orcs
  3 endoplasms
  3 giant cockroaches (D:2)
  9 hobgoblins
  6 jackals
  20 kobolds
  5 ball pythons
  3 bats
  A frilled lizard (D:1)
  19 goblins
  9 rats
  2 spectral weapons (Spider:4)
  4 tentacles (Shoals:1)
1984 creatures vanquished.

Vanquished Creatures (others)
  A draconian knight (Zot:3)
  A wizard (Vaults:3)
  An ironbound convoker (Vaults:5)
  An unseen horror (D:12)
  An acid dragon (Zot:2)
  A white imp (Depths:4)
  An orc (Vaults:5)
  83 spectral weapons
  3 tentacles (Shoals:1)
93 creatures vanquished.

Grand Total: 2077 creatures vanquished

Notes
Turn   | Place    | Note
-------+----------+-------------------------------------------
     0 | D:1      | qw the Gargoyle Fighter began the quest for the Orb.
     0 | D:1      | Reached XP level 1. HP: 14/14 MP: 1/1
     0 | D:1      | 0 ||| qw: Version: 0.2-a-29-gdad1ea2
     0 | D:1      | 0 ||| qw: Game counter: 4075
     0 | D:1      | 0 ||| qw: Always use a shield: true
     0 | D:1      | 0 ||| qw: God list: Okawaru
     0 | D:1      | 0 ||| qw: Allow faded altars: false
     0 | D:1      | 0 ||| qw: Do Orc after D:15 true
     0 | D:1      | 0 ||| qw: Do second Lair branch before Depths: true
     0 | D:1      | 0 ||| qw: Lair rune preference: random
     0 | D:1      | 0 ||| qw: Plans: Normal, Zot:1-4, Slime:5, God:TSO, Crypt,
                  | Tomb, Abyss, Pan, Hells, Win
     0 | D:1      | 0 ||| PLANNING D:1-11
   144 | D:1      | Reached XP level 2. HP: 17/19 MP: 2/2
   784 | D:1      | 784 ||| UPGRADING to +0 pair of boots.
   789 | D:1      | 789 ||| READING scroll labelled ENUIRO TIELEOL.
   790 | D:1      | 790 ||| READING scroll labelled USIPLUOWIN.
   791 | D:1      | 791 ||| READING scroll labelled OLIMNA WOPOSEZI.
  1028 | D:2      | Reached skill level 3 in Axes
  1033 | D:2      | 1033 ||| Stepping ~*~*~tactically~*~*~ (stealth).
  1034 | D:2      | 1034 ||| Stepping ~*~*~tactically~*~*~ (stealth).
  1052 | D:2      | Reached XP level 3. HP: 23/23 MP: 3/3
  1113 | D:2      | 1113 ||| READING scroll of enchant armour.
  1113 | D:2      | 1113 ||| ENCHANTING +0 pair of boots.
  1153 | D:2      | 1153 ||| Stepping ~*~*~tactically~*~*~ (stealth).
  1478 | D:2      | Noticed Robin
  1483 | D:2      | Reached XP level 4. HP: 21/28 MP: 4/4
  1489 | D:2      | Identified the staff of air "Adghuot" {rElec rC+ Will+}
  1496 | D:2      | Killed Robin
  1586 | D:2      | Found a shadowy altar of Dithmenos.
  1610 | D:2      | 1610 ||| DROPPING +0 whip of pain.
  1730 | D:2      | Found a faded altar of an unknown god.
  1783 | D:2      | 1783 ||| UPGRADING to +0 helmet.
  1788 | D:2      | 1788 ||| UPGRADING to +5 ring of evasion.
  1789 | D:2      | 1789 ||| READING scroll labelled GOYSKA PEMUA.
  1790 | D:2      | 1790 ||| READING scroll labelled AMOLLI KIYGAB.
  1841 | D:3      | Found a basalt altar of Yredelemnul.
  1864 | D:3      | 1864 ||| Stepping ~*~*~tactically~*~*~ (stealth).
  1866 | D:3      | 1866 ||| Stepping ~*~*~tactically~*~*~ (stealth).
  1867 | D:3      | 1867 ||| Stepping ~*~*~tactically~*~*~ (stealth).
  1868 | D:3      | 1868 ||| Stepping ~*~*~tactically~*~*~ (stealth).
  1873 | D:3      | 1873 ||| Stepping ~*~*~tactically~*~*~ (stealth).
  1874 | D:3      | 1874 ||| Stepping ~*~*~tactically~*~*~ (stealth).
  1881 | D:3      | 1881 ||| Stepping ~*~*~tactically~*~*~ (stealth).
  2065 | D:3      | Reached XP level 5. HP: 30/32 MP: 5/5
  2392 | D:3      | 2392 ||| UPGRADING to +0 pair of gloves.
  2397 | D:3      | 2397 ||| UPGRADING to ring of protection from cold.
  2398 | D:3      | 2398 ||| READING scroll labelled OSMAPP VURYPN.
  2399 | D:3      | 2399 ||| READING scroll labelled PAICHIKH HUACY.
  2400 | D:3      | 2400 ||| DRINKING 2 puce potions.
  2401 | D:3      | 2401 ||| DRINKING 3 dark potions.
  2402 | D:3      | 2402 ||| DRINKING 2 fuming yellow potions.
  2403 | D:3      | 2403 ||| DRINKING 2 lumpy coppery potions.
  2404 | D:3      | 2404 ||| DROPPING 2 potions of enlightenment.
  2405 | D:3      | 2405 ||| DROPPING potion of brilliance.
  2495 | D:4      | Found Wujunora's Distillery.
  2503 | D:4      | 2503 ||| BUYING potion of attraction (30 gold).
  2503 | D:4      | Bought a potion of attraction for 30 gold pieces
  2503 | D:4      | 2503 ||| BUYING potion of curing (30 gold).
  2503 | D:4      | Bought a potion of curing for 30 gold pieces
  2503 | D:4      | 2503 ||| BUYING potion of curing (30 gold).
  2503 | D:4      | Bought a potion of curing for 30 gold pieces
  2503 | D:4      | 2503 ||| BUYING potion of curing (30 gold).
  2503 | D:4      | Bought a potion of curing for 30 gold pieces
  2503 | D:4      | 2503 ||| SHOPLISTING potion of heal wounds (50 gold, have
                  | 31).
  2503 | D:4      | 2503 ||| SHOPLISTING potion of resistance (100 gold, have
                  | 31).
  2753 | D:4      | Reached skill level 4 in Fighting
  2753 | D:4      | Reached XP level 6. HP: 38/38 MP: 6/6
  2954 | D:4      | Identified the +3 ring mail of Courage {rElec rC+}
  3092 | D:4      | 3092 ||| DROPPING +2 robe of cold resistance.
  3093 | D:4      | 3093 ||| UPGRADING to +3 ring mail of Courage {rElec rC+}.
  3103 | D:4      | 3103 ||| DROPPING +0 scale mail.
  3104 | D:4      | 3104 ||| UPGRADING to ring of willpower.
  3106 | D:4      | 3106 ||| DROPPING +6 ring of intelligence.
  3107 | D:4      | 3107 ||| UPGRADING to +6 ring of strength.
  3109 | D:4      | 3109 ||| DROPPING ring of positive energy.
  3110 | D:4      | 3110 ||| DROPPING ring of willpower.
  3111 | D:4      | 3111 ||| READING scroll labelled YTZAOD ZUDAOWU.
  3112 | D:4      | 3112 ||| DRINKING 2 grey potions.
  3113 | D:4      | 3113 ||| DROPPING potion of degeneration.
  3140 | D:5      | Entered Level 5 of the Dungeon
  3243 | D:5      | Reached skill level 6 in Axes
  3248 | D:5      | 3248 ||| Stepping ~*~*~tactically~*~*~ (stealth).
  3275 | D:5      | Found Warphocu's General Store.
  3280 | D:5      | 3280 ||| SHOPLISTING +2 cloak (231 gold, have 96).
  3301 | D:5      | 3301 ||| READING scroll labelled BAESCH GIQU YLI.
  3302 | D:5      | 3302 ||| READING scroll labelled SUCWIWKIKI.
  3310 | D:5      | Reached skill level 1 in Dodging
  3310 | D:5      | 3310 ||| Stepping ~*~*~tactically~*~*~ (hiding).
  3314 | D:5      | Reached XP level 7. HP: 43/43 MP: 7/7
  3354 | D:5      | Identified the staff of death "Pesipt" {rN+ rCorr Dex+3}
  3369 | D:5      | Noticed a steam dragon
  3370 | D:5      | 3370 ||| Stepping ~*~*~tactically~*~*~ (hiding).
  3377 | D:5      | Killed a steam dragon
  3379 | D:5      | Reached skill level 5 in Fighting
  3379 | D:5      | 3379 ||| FLEEEEING.
  3417 | D:5      | 3417 ||| Stepping ~*~*~tactically~*~*~ (hiding).
  3582 | D:5      | 3582 ||| Stepping ~*~*~tactically~*~*~ (hiding).
  3694 | D:5      | 3694 ||| FLEEEEING.
  3695 | D:5      | 3695 ||| FLEEEEING.
  3696 | D:5      | 3696 ||| FLEEEEING.
  3708 | D:5      | 3708 ||| FLEEEEING.
  3709 | D:5      | 3709 ||| FLEEEEING.
  3710 | D:5      | 3710 ||| FLEEEEING.
  3711 | D:5      | 3711 ||| FLEEEEING.
  3712 | D:5      | 3712 ||| FLEEEEING.
  3713 | D:5      | 3713 ||| STAIRDANCE
  3748 | D:4      | 3748 ||| UPGRADING to amulet of faith.
  3753 | D:4      | 3753 ||| DRINKING 2 smoky red potions.
  3762 | D:5      | Reached XP level 8. HP: 29/49 MP: 8/8
  3882 | D:5      | 3882 ||| Stepping ~*~*~tactically~*~*~ (hiding).
  3909 | D:5      | 3909 ||| Stepping ~*~*~tactically~*~*~ (stealth).
  3911 | D:5      | 3911 ||| Stepping ~*~*~tactically~*~*~ (hiding).
  4206 | D:6      | Identified the +3 scale mail of Vanity {rF+ rCorr}
  4263 | D:6      | Reached skill level 1 in Throwing
  4424 | D:6      | Noticed Prince Ribbit
  4438 | D:6      | Killed Prince Ribbit
  4439 | D:6      | Reached skill level 6 in Fighting
  4449 | D:6      | Found a white marble altar of Elyvilon.
  4452 | D:6      | 4452 ||| Stepping ~*~*~tactically~*~*~ (stealth).
  4816 | D:6      | Found a runed translucent door.
  4817 | D:6      | Noticed Crazy Yiuf
  4976 | D:6      | Noticed Maggie
  4990 | D:6      | HP: 4/52 [Maggie/bolt of fire (18)]
  4991 | D:6      | 4991 ||| READING 3 scrolls of teleportation.
  4995 | D:6      | Killed Maggie
  4996 | D:6      | Reached skill level 9 in Axes
  4996 | D:6      | Reached XP level 9. HP: 6/56 MP: 9/9
  5470 | D:6      | 5470 ||| UPGRADING to +0 chain mail.
  5480 | D:6      | 5480 ||| DROPPING +3 ring mail of Courage {rElec rC+}.
  5481 | D:6      | 5481 ||| UPGRADING to +3 scale mail of Vanity {rF+ rCorr}.
  5491 | D:6      | 5491 ||| DROPPING +0 chain mail.
  5492 | D:6      | 5492 ||| UPGRADING to +0 plate armour.
  5502 | D:6      | 5502 ||| DRINKING 2 fizzy red potions.
  5616 | D:7      | Reached skill level 6 in Armour
  5633 | D:7      | Reached skill level 7 in Fighting
  5678 | D:7      | 5678 ||| FLEEEEING.
  5794 | D:7      | 5794 ||| DROPPING +0 mace.
  5800 | D:7      | Found a staircase to the Ecumenical Temple.
  5801 | D:7      | 5801 ||| PLANNING TEMPLE
  5802 | D:7      | 5802 ||| Stepping ~*~*~tactically~*~*~ (hiding).
  5803 | D:7      | 5803 ||| Stepping ~*~*~tactically~*~*~ (hiding).
  5804 | D:7      | 5804 ||| Stepping ~*~*~tactically~*~*~ (hiding).
  5805 | D:7      | 5805 ||| Stepping ~*~*~tactically~*~*~ (hiding).
  5842 | Temple   | Entered the Ecumenical Temple
  5842 | Temple   | Found a transporter.
  5842 | Temple   | Found a transporter.
  5844 | Temple   | Found a transporter.
  5844 | Temple   | Found a transporter.
  5854 | Temple   | 5854 ||| PLANNING D:1-11
  5871 | Temple   | 5871 ||| PLANNING OKAWARU WORSHIP
  5878 | Temple   | Became a worshipper of Warmaster Okawaru
  5878 | Temple   | 5878 ||| PLANNING D:1-11
  6115 | D:7      | Reached XP level 10. HP: 63/63 MP: 10/10
  6135 | D:7      | 6135 ||| Stepping ~*~*~tactically~*~*~ (hiding).
  6136 | D:7      | 6136 ||| Stepping ~*~*~tactically~*~*~ (hiding).
  6137 | D:7      | 6137 ||| Stepping ~*~*~tactically~*~*~ (hiding).
  6138 | D:7      | 6138 ||| Stepping ~*~*~tactically~*~*~ (hiding).
  6139 | D:7      | 6139 ||| Stepping ~*~*~tactically~*~*~ (hiding).
  6140 | D:7      | 6140 ||| Stepping ~*~*~tactically~*~*~ (hiding).
  6141 | D:7      | 6141 ||| Stepping ~*~*~tactically~*~*~ (hiding).
  6142 | D:7      | 6142 ||| Stepping ~*~*~tactically~*~*~ (hiding).
  6143 | D:7      | 6143 ||| Stepping ~*~*~tactically~*~*~ (hiding).
  6144 | D:7      | 6144 ||| Stepping ~*~*~tactically~*~*~ (hiding).
  6145 | D:7      | 6145 ||| Stepping ~*~*~tactically~*~*~ (hiding).
  6146 | D:7      | 6146 ||| Stepping ~*~*~tactically~*~*~ (hiding).
  6147 | D:7      | 6147 ||| Stepping ~*~*~tactically~*~*~ (hiding).
  6325 | D:7      | Found Jitut's Magic Scroll Emporium.
  6625 | D:7      | 6625 ||| READING scroll labelled EDDIAFEFOU.
  6626 | D:7      | 6626 ||| READING 2 scrolls of identify.
  6626 | D:7      | 6626 ||| IDENTIFYING sedimented black potion
  6627 | D:7      | 6627 ||| DROPPING potion of ambrosia.
  6693 | D:8      | 6693 ||| Stepping ~*~*~tactically~*~*~ (hiding).
  6694 | D:8      | 6694 ||| Stepping ~*~*~tactically~*~*~ (hiding).
  6705 | D:8      | 6705 ||| Stepping ~*~*~tactically~*~*~ (stealth).
  6726 | D:8      | Found Xunu's Magic Scroll Boutique.
  6808 | D:8      | Found a hide-covered altar of Uskayaw.
  6811 | D:8      | 6811 ||| BUYING scroll of enchant armour (97 gold).
  6811 | D:8      | Bought a scroll of enchant armour for 97 gold pieces
  6811 | D:8      | 6811 ||| READING scroll of enchant armour.
  6811 | D:8      | 6811 ||| ENCHANTING +0 pair of gloves.
  6847 | D:8      | 6847 ||| Stepping ~*~*~tactically~*~*~ (stealth).
  6862 | D:8      | Reached skill level 8 in Fighting
  6882 | D:8      | 6882 ||| READING scroll labelled ETAWINN ZUFIUS.
  6883 | D:8      | 6883 ||| READING 2 scrolls of identify.
  6883 | D:8      | 6883 ||| IDENTIFYING black potion
  6894 | D:7      | 6894 ||| BUYING scroll of enchant weapon (97 gold).
  6894 | D:7      | Bought a scroll of enchant weapon for 97 gold pieces
  6894 | D:7      | 6894 ||| BUYING scroll of identify (26 gold).
  6894 | D:7      | Bought a scroll of identify for 26 gold pieces
  6894 | D:7      | 6894 ||| SHOPLISTING scroll of teleportation (39 gold, have
                  | 20).
  6894 | D:7      | 6894 ||| READING scroll of enchant weapon.
  6894 | D:7      | 6894 ||| ENCHANTING +0 spectral war axe.
  6895 | D:7      | 6895 ||| DROPPING +1 war axe of pain.
  7040 | D:8      | Noticed a two-headed ogre
  7047 | D:8      | Killed a two-headed ogre
  7047 | D:8      | Reached * piety under Okawaru
  7124 | D:8      | Found Hengudil's Book Boutique.
  7125 | D:8      | Found Kemagaedd's Magic Scroll Emporium.
  7136 | D:8      | 7136 ||| SHOPLISTING scroll of enchant weapon (82 gold,
                  | have 61).
  7136 | D:8      | 7136 ||| BUYING scroll of identify (22 gold).
  7136 | D:8      | Bought a scroll of identify for 22 gold pieces
  7136 | D:8      | 7136 ||| BUYING scroll of identify (22 gold).
  7136 | D:8      | Bought a scroll of identify for 22 gold pieces
  7136 | D:8      | 7136 ||| SHOPLISTING scroll of teleportation (33 gold, have
                  | 17).
  7289 | D:8      | Reached skill level 1 in Invocations
  7301 | D:8      | Found Urghiv's Antique Armour Emporium.
  7307 | D:8      | 7307 ||| SHOPLISTING heavily runed scarf (290 gold, have
                  | 28).
  7307 | D:8      | 7307 ||| SHOPLISTING runed plate armour (754 gold, have
                  | 28).
  7307 | D:8      | 7307 ||| SHOPLISTING translucent chain mail (275 gold, have
                  | 28).
  7336 | D:8      | Found Giheull's Magic Scroll Boutique.
  7339 | D:8      | 7339 ||| SHOPLISTING 2 scrolls of teleportation (96 gold,
                  | have 28).
  7339 | D:8      | 7339 ||| SHOPLISTING scroll of enchant weapon (120 gold,
                  | have 28).
  7339 | D:8      | 7339 ||| SHOPLISTING scroll of identify (32 gold, have 28).
  7469 | D:8      | 7469 ||| READING scroll labelled ONUPHI QUKA.
  7470 | D:8      | 7470 ||| READING 4 scrolls of identify.
  7470 | D:8      | 7470 ||| IDENTIFYING fizzy clear potion
  7504 | D:9      | 7504 ||| Stepping ~*~*~tactically~*~*~ (hiding).
  7512 | D:9      | 7512 ||| INVOKING Heroism.
  7515 | D:9      | 7515 ||| Stepping ~*~*~tactically~*~*~ (hiding).
  7624 | D:9      | 7624 ||| INVOKING Heroism.
  7693 | D:9      | Found a broken altar of Ashenzari.
  7694 | D:9      | Found a burning altar of Makhleb.
  7694 | D:9      | Noticed a two-headed ogre
  7695 | D:9      | 7695 ||| INVOKING Heroism.
  7702 | D:9      | Killed a two-headed ogre
  7702 | D:9      | Reached ** piety under Okawaru
  7703 | D:9      | Reached skill level 3 in Invocations
  7749 | D:9      | 7749 ||| INVOKING Heroism.
  7750 | D:9      | 7750 ||| Stepping ~*~*~tactically~*~*~ (stealth).
  7767 | D:9      | 7767 ||| Stepping ~*~*~tactically~*~*~ (stealth).
  7769 | D:9      | 7769 ||| Stepping ~*~*~tactically~*~*~ (stealth).
  7772 | D:9      | Noticed Pikel
  7773 | D:9      | Found a staircase to the Lair.
  7776 | D:9      | 7776 ||| INVOKING Heroism.
  7784 | D:9      | Killed Pikel
  7786 | D:9      | Reached XP level 11. HP: 41/68 MP: 11/14
  7800 | D:9      | 7800 ||| FLEEEEING.
  7801 | D:9      | 7801 ||| INVOKING Heroism.
  8303 | D:9      | 8303 ||| PLANNING LAIR
  8303 | D:9      | 8303 ||| DROPPING orb of light.
  8304 | D:9      | 8304 ||| DROPPING +1 pair of boots.
  8305 | D:9      | 8305 ||| READING 5 scrolls of identify.
  8305 | D:9      | 8305 ||| IDENTIFYING sedimented emerald potion
  8349 | Lair:1   | Entered Level 1 of the Lair of Beasts
  8363 | Lair:1   | Reached *** piety under Okawaru
  8366 | Lair:1   | Reached skill level 9 in Fighting
  8464 | Lair:1   | Found a snail-covered altar of Cheibriados.
  8465 | Lair:1   | 8465 ||| FLEEEEING.
  8468 | Lair:1   | 8468 ||| FLEEEEING.
  8469 | Lair:1   | 8469 ||| FLEEEEING.
  8471 | Lair:1   | 8471 ||| INVOKING Heroism.
  8548 | Lair:1   | 8548 ||| INVOKING Heroism.
  8561 | Lair:1   | 8561 ||| Stepping ~*~*~tactically~*~*~ (stealth).
  8592 | Lair:1   | 8592 ||| Stepping ~*~*~tactically~*~*~ (hiding).
  8611 | Lair:1   | 8611 ||| Stepping ~*~*~tactically~*~*~ (stealth).
  8633 | Lair:1   | 8633 ||| INVOKING Heroism.
  8663 | Lair:1   | 8663 ||| INVOKING Heroism.
  8673 | Lair:1   | Reached **** piety under Okawaru
  8674 | Lair:1   | Reached skill level 12 in Axes
  8781 | Lair:1   | 8781 ||| INVOKING Heroism.
  8838 | Lair:1   | 8838 ||| INVOKING Heroism.
  8874 | Lair:1   | 8874 ||| READING scroll of enchant weapon.
  8874 | Lair:1   | 8874 ||| ENCHANTING +1 spectral war axe.
  8887 | Lair:1   | 8887 ||| INVOKING Heroism.
  8895 | Lair:1   | Reached skill level 9 in Armour
  8912 | Lair:1   | 8912 ||| INVOKING Heroism.
  8925 | Lair:1   | Reached skill level 6 in Shields
  9051 | Lair:1   | 9051 ||| FLEEEEING.
  9053 | Lair:1   | 9053 ||| FLEEEEING.
  9054 | Lair:1   | 9054 ||| FLEEEEING.
  9055 | Lair:1   | 9055 ||| FLEEEEING.
  9056 | Lair:1   | 9056 ||| FLEEEEING.
  9057 | Lair:1   | 9057 ||| FLEEEEING.
  9058 | Lair:1   | 9058 ||| FLEEEEING.
  9059 | Lair:1   | 9059 ||| FLEEEEING.
  9060 | Lair:1   | 9060 ||| FLEEEEING.
  9061 | Lair:1   | 9061 ||| FLEEEEING.
  9062 | Lair:1   | 9062 ||| FLEEEEING.
  9063 | Lair:1   | 9063 ||| FLEEEEING.
  9064 | Lair:1   | 9064 ||| FLEEEEING.
  9065 | Lair:1   | 9065 ||| FLEEEEING.
  9066 | Lair:1   | 9066 ||| FLEEEEING.
  9067 | Lair:1   | 9067 ||| FLEEEEING.
  9068 | Lair:1   | 9068 ||| FLEEEEING.
  9069 | Lair:1   | 9069 ||| FLEEEEING.
  9070 | Lair:1   | 9070 ||| FLEEEEING.
  9071 | Lair:1   | 9071 ||| FLEEEEING.
  9072 | Lair:1   | 9072 ||| INVOKING Heroism.
  9519 | Lair:2   | 9519 ||| INVOKING Heroism.
  9701 | Lair:2   | Found a hole to the Spider Nest.
  9702 | Lair:2   | 9702 ||| Stepping ~*~*~tactically~*~*~ (hiding).
  9703 | Lair:2   | 9703 ||| Stepping ~*~*~tactically~*~*~ (hiding).
  9704 | Lair:2   | 9704 ||| Stepping ~*~*~tactically~*~*~ (hiding).
  9705 | Lair:2   | 9705 ||| INVOKING Heroism.
  9715 | Lair:2   | Reached XP level 12. HP: 61/77 MP: 13/16
  9782 | Lair:2   | 9782 ||| INVOKING Heroism.
  9784 | Lair:2   | Reached skill level 10 in Fighting
  9911 | Lair:2   | 9911 ||| INVOKING Heroism.
  9918 | Lair:2   | Reached skill level 6 in Invocations
  9929 | Lair:2   | Noticed a seven-headed hydra
  9930 | Lair:2   | 9930 ||| Stepping ~*~*~tactically~*~*~ (stealth).
  9936 | Lair:2   | Reached ***** piety under Okawaru
  9946 | Lair:2   | 9946 ||| INVOKING Heroism.
  9947 | Lair:2   | 9947 ||| INVOKING Finesse.
  9958 | Lair:2   | 9958 ||| SWAPPING to +0 flail.
  9967 | Lair:2   | Killed a seven-headed hydra
  9968 | Lair:2   | 9968 ||| SWAPPING to +2 spectral war axe.
 10026 | Lair:2   | 10026 ||| Stepping ~*~*~tactically~*~*~ (stealth).
 10027 | Lair:2   | 10027 ||| INVOKING Heroism.
 10077 | Lair:2   | Noticed a boulder beetle
 10078 | Lair:2   | 10078 ||| INVOKING Heroism.
 10079 | Lair:2   | 10079 ||| INVOKING Finesse.
 10085 | Lair:2   | Killed a boulder beetle
 10159 | Lair:2   | 10159 ||| READING scroll of enchant armour.
 10159 | Lair:2   | 10159 ||| ENCHANTING +1 pair of gloves.
 10200 | Lair:2   | 10200 ||| INVOKING Heroism.
 10687 | Lair:2   | 10687 ||| READING 8 scrolls of identify.
 10687 | Lair:2   | 10687 ||| IDENTIFYING brown potion
 10688 | Lair:2   | 10688 ||| DROPPING potion of invisibility.
 10751 | Lair:3   | You fall into a shaft and drop 2 floors!
 10751 | Lair:5   | Entered Level 5 of the Lair of Beasts
 10824 | Lair:5   | 10824 ||| Stepping ~*~*~tactically~*~*~ (stealth).
 10871 | Lair:5   | 10871 ||| INVOKING Heroism.
 10881 | Lair:5   | 10881 ||| INVOKING Finesse.
 10918 | Lair:5   | Reached skill level 9 in Invocations
 10939 | Lair:5   | 10939 ||| INVOKING Heroism.
 10946 | Lair:5   | Noticed a four-headed hydra
 10947 | Lair:5   | 10947 ||| Stepping ~*~*~tactically~*~*~ (stealth).
 10956 | Lair:5   | 10956 ||| SWAPPING to +0 flail.
 10966 | Lair:5   | 10966 ||| SWAPPING to +2 spectral war axe.
 10967 | Lair:5   | Identified the +1 pair of boots "Pouqida" {Regen+} (Okawaru
                  | gifted it to you on level 5 of the Lair of Beasts)
 10967 | Lair:5   | Received a gift from Okawaru
 11000 | Lair:5   | Noticed a catoblepas
 11001 | Lair:5   | 11001 ||| Stepping ~*~*~tactically~*~*~ (stealth).
 11035 | Lair:5   | 11035 ||| INVOKING Heroism.
 11036 | Lair:5   | 11036 ||| INVOKING Finesse.
 11039 | Lair:5   | Reached XP level 13. HP: 41/82 MP: 12/20
 11169 | Lair:5   | 11169 ||| Stepping ~*~*~tactically~*~*~ (stealth).
 11173 | Lair:5   | 11173 ||| INVOKING Heroism.
 11175 | Lair:5   | 11175 ||| Stepping ~*~*~tactically~*~*~ (hiding).
 11243 | Lair:5   | 11243 ||| Stepping ~*~*~tactically~*~*~ (stealth).
 11347 | Lair:5   | 11347 ||| INVOKING Heroism.
 11463 | Lair:5   | 11463 ||| INVOKING Heroism.
 11506 | Lair:5   | Found a viscous altar of Jiyva.
 11506 | Lair:5   | Found a staircase to the Slime Pits.
 11508 | Lair:5   | 11508 ||| INVOKING Heroism.
 11553 | Lair:5   | 11553 ||| Stepping ~*~*~tactically~*~*~ (stealth).
 11589 | Lair:5   | 11589 ||| UPGRADING to +1 pair of boots "Pouqida" {Regen+}.
 11599 | Lair:5   | 11599 ||| DROPPING +1 pair of boots.
 11609 | Lair:4   | 11609 ||| INVOKING Heroism.
 11659 | Lair:4   | 11659 ||| INVOKING Heroism.
 11722 | Lair:4   | Reached skill level 11 in Fighting
 11723 | Lair:4   | 11723 ||| INVOKING Heroism.
 11728 | Lair:4   | 11728 ||| SWAPPING to +0 flail.
 11735 | Lair:4   | 11735 ||| SWAPPING to +2 spectral war axe.
 11793 | Lair:3   | 11793 ||| INVOKING Heroism.
 11897 | Lair:3   | 11897 ||| INVOKING Heroism.
 11899 | Lair:3   | 11899 ||| Stepping ~*~*~tactically~*~*~ (stealth).
 12007 | Lair:3   | Identified the +1 war axe of the Asp {flame, *Slow Int+7}
 12009 | Lair:3   | 12009 ||| DROPPING +0 flail.
 12076 | Lair:3   | 12076 ||| INVOKING Heroism.
 12114 | Lair:3   | 12114 ||| INVOKING Heroism.
 12121 | Lair:3   | Received a gift from Okawaru
 12153 | Lair:3   | Found a staircase to the Shoals.
 12300 | Lair:3   | 12300 ||| INVOKING Heroism.
 12347 | Lair:3   | 12347 ||| Stepping ~*~*~tactically~*~*~ (stealth).
 12385 | Lair:3   | Reached skill level 15 in Axes
 12601 | Lair:3   | 12601 ||| READING scroll labelled YLUMPA QOGOPT.
 12601 | Lair:3   | Identified a scroll of acquirement
 12601 | Lair:3   | 12601 ||| ACQUIRING 917 gold pieces
 12601 | Lair:3   | Acquired 917 gold pieces
 12645 | Lair:4   | 12645 ||| INVOKING Heroism.
 12646 | Lair:4   | 12646 ||| Stepping ~*~*~tactically~*~*~ (stealth).
 12652 | Lair:4   | Reached skill level 3 in Throwing
 12657 | Lair:4   | Received a gift from Okawaru
 12661 | Lair:4   | Gained mutation: Your large and strong wings let you fly.
                  | [Gargoyle growth]
 12661 | Lair:4   | Reached XP level 14. HP: 90/90 MP: 21/21
 12828 | Lair:4   | 12828 ||| Stepping ~*~*~tactically~*~*~ (hiding).
 12832 | Lair:4   | 12832 ||| INVOKING Heroism.
 12839 | Lair:4   | Received a gift from Okawaru
 13100 | Lair:4   | 13100 ||| INVOKING Heroism.
 13112 | Lair:4   | 13112 ||| SWAPPING to +1 war axe of the Asp {flame, *Slow
                  | Int+7}.
 13116 | Lair:4   | 13116 ||| SWAPPING to +2 spectral war axe.
 13399 | Lair:5   | Received a gift from Okawaru
 13429 | Lair:5   | 13429 ||| Stepping ~*~*~tactically~*~*~ (stealth).
 13431 | Lair:5   | 13431 ||| Stepping ~*~*~tactically~*~*~ (stealth).
 13443 | Lair:5   | 13443 ||| Stepping ~*~*~tactically~*~*~ (hiding).
 13484 | Lair:5   | 13484 ||| FLEEEEING.
 13508 | Lair:5   | 13508 ||| Stepping ~*~*~tactically~*~*~ (stealth).
 13510 | Lair:5   | 13510 ||| Stepping ~*~*~tactically~*~*~ (stealth).
 13516 | Lair:5   | 13516 ||| Stepping ~*~*~tactically~*~*~ (stealth).
 13517 | Lair:5   | 13517 ||| Stepping ~*~*~tactically~*~*~ (stealth).
 13518 | Lair:5   | 13518 ||| Stepping ~*~*~tactically~*~*~ (stealth).
 13548 | Lair:5   | 13548 ||| INVOKING Heroism.
 13549 | Lair:5   | 13549 ||| INVOKING Finesse.
 13554 | Lair:5   | 13554 ||| SWAPPING to +1 war axe of the Asp {flame, *Slow
                  | Int+7}.
 13560 | Lair:5   | 13560 ||| SWAPPING to +2 spectral war axe.
 13611 | Lair:5   | 13611 ||| INVOKING Heroism.
 13686 | Lair:5   | 13686 ||| Stepping ~*~*~tactically~*~*~ (stealth).
 13900 | Lair:5   | 13900 ||| INVOKING Heroism.
 14024 | Lair:5   | 14024 ||| Stepping ~*~*~tactically~*~*~ (stealth).
 14102 | Lair:5   | 14102 ||| Stepping ~*~*~tactically~*~*~ (stealth).
 14103 | Lair:5   | 14103 ||| Stepping ~*~*~tactically~*~*~ (stealth).
 14104 | Lair:5   | 14104 ||| Stepping ~*~*~tactically~*~*~ (stealth).
 14108 | Lair:5   | 14108 ||| Stepping ~*~*~tactically~*~*~ (stealth).
 14109 | Lair:5   | 14109 ||| Stepping ~*~*~tactically~*~*~ (stealth).
 14111 | Lair:5   | 14111 ||| Stepping ~*~*~tactically~*~*~ (stealth).
 14112 | Lair:5   | 14112 ||| Stepping ~*~*~tactically~*~*~ (stealth).
 14113 | Lair:5   | 14113 ||| Stepping ~*~*~tactically~*~*~ (stealth).
 14115 | Lair:5   | 14115 ||| Stepping ~*~*~tactically~*~*~ (stealth).
 14123 | Lair:5   | Received a gift from Okawaru
 14340 | Lair:5   | 14340 ||| PLANNING D:1-11
 14464 | D:10     | Entered Level 10 of the Dungeon
 14631 | D:10     | Reached skill level 12 in Fighting
 14803 | D:10     | Received a gift from Okawaru
 15196 | D:10     | 15196 ||| DROPPING +1 hat.
 15197 | D:10     | 15197 ||| READING scroll labelled XUIWERIYQO.
 15203 | D:11     | 15203 ||| PLANNING GAUNTLET
 15208 | D:11     | Found Huuff's Armour Shop.
 15214 | D:11     | 15214 ||| Stepping ~*~*~tactically~*~*~ (stealth).
 15215 | D:11     | 15215 ||| Stepping ~*~*~tactically~*~*~ (stealth).
 15232 | D:11     | 15232 ||| BUYING +1 chain mail "Egiduada" {rF+ Will+ Str+5}
                  | (514 gold).
 15232 | D:11     | Bought the +1 chain mail "Egiduada" {rF+ Will+ Str+5} for
                  | 514 gold pieces
 15232 | D:11     | 15232 ||| BUYING +2 buckler (214 gold).
 15232 | D:11     | Bought a +2 buckler for 214 gold pieces
 15241 | D:11     | Reached skill level 3 in Dodging
 15283 | D:11     | 15283 ||| Stepping ~*~*~tactically~*~*~ (stealth).
 15284 | D:11     | 15284 ||| Stepping ~*~*~tactically~*~*~ (stealth).
 15285 | D:11     | 15285 ||| Stepping ~*~*~tactically~*~*~ (stealth).
 15287 | D:11     | 15287 ||| Stepping ~*~*~tactically~*~*~ (stealth).
 15292 | D:11     | 15292 ||| Stepping ~*~*~tactically~*~*~ (stealth).
 15311 | D:11     | 15311 ||| INVOKING Heroism.
 15359 | D:11     | 15359 ||| Stepping randomly (disturbance).
 15360 | D:11     | 15360 ||| UPGRADING to +1 chain mail "Egiduada" {rF+ Will+
                  | Str+5}.
 15361 | D:11     | 15361 ||| Stepping randomly (disturbance).
 15363 | D:11     | 15363 ||| UPGRADING to +1 chain mail "Egiduada" {rF+ Will+
                  | Str+5}.
 15367 | D:11     | 15367 ||| Stepping randomly (disturbance).
 15381 | D:11     | 15381 ||| UPGRADING to +1 chain mail "Egiduada" {rF+ Will+
                  | Str+5}.
 15391 | D:11     | 15391 ||| UPGRADING to +2 buckler.
 15401 | D:11     | 15401 ||| DROPPING +0 buckler.
 15402 | D:11     | 15402 ||| DROPPING +0 plate armour.
 15429 | D:11     | Reached skill level 6 in Throwing
 15538 | D:11     | Found a gate leading to a gauntlet.
 15539 | D:11     | 15539 ||| INVOKING Heroism.
 15540 | D:11     | 15540 ||| INVOKING Finesse.
 15545 | D:11     | 15545 ||| READING 11 scrolls of identify.
 15545 | D:11     | 15545 ||| IDENTIFYING white potion
 15555 | Gauntlet | Entered a Gauntlet
 15555 | Gauntlet | Found a transporter.
 15591 | Gauntlet | Found a transporter.
 15605 | Gauntlet | Found a transporter.
 15607 | Gauntlet | Found a large runed translucent door.
 15608 | Gauntlet | Found a large runed translucent door.
 15609 | Gauntlet | Found a large runed translucent door.
 15609 | Gauntlet | Found a large runed translucent door.
 15609 | Gauntlet | Found a runed translucent door.
 15610 | Gauntlet | Found a transporter.
 15611 | Gauntlet | Found a runed translucent door.
 15612 | Gauntlet | Found a large runed translucent door.
 15612 | Gauntlet | Found a large runed translucent door.
 15613 | Gauntlet | Found a large runed translucent door.
 15614 | Gauntlet | Found a large runed translucent door.
 15618 | Gauntlet | Found a large runed translucent door.
 15618 | Gauntlet | Found a large runed translucent door.
 15619 | Gauntlet | Found a large runed translucent door.
 15619 | Gauntlet | Found a large runed translucent door.
 15620 | Gauntlet | Found a large runed translucent door.
 15620 | Gauntlet | Found a large runed translucent door.
 15620 | Gauntlet | Found a large runed translucent door.
 15620 | Gauntlet | Found a large runed translucent door.
 15623 | Gauntlet | Found a runed translucent gate.
 15623 | Gauntlet | Found a runed translucent gate.
 15623 | Gauntlet | Found a runed translucent gate.
 15624 | Gauntlet | Noticed a dire elephant
 15625 | Gauntlet | Found a transporter.
 15644 | Gauntlet | Found a transporter.
 15656 | Gauntlet | Found a transporter.
 15662 | Gauntlet | Found a transporter.
 15664 | Gauntlet | Found a transporter.
 15681 | Gauntlet | Found a transporter.
 15687 | Gauntlet | Found a transporter.
 15709 | Gauntlet | Found a transporter.
 15718 | Gauntlet | Found a transporter.
 15722 | Gauntlet | Noticed a dire elephant
 15724 | Gauntlet | Found a transporter.
 15724 | Gauntlet | Found a transporter.
 15767 | Gauntlet | Found a transporter.
 15792 | Gauntlet | Found a transporter.
 15794 | Gauntlet | Found a transporter.
 16119 | Gauntlet | 16119 ||| INVOKING Heroism.
 16120 | Gauntlet | 16120 ||| INVOKING Finesse.
 16199 | Gauntlet | 16199 ||| DROPPING scarf of harm.
 16247 | Gauntlet | Identified the ring of Temperance {rF+ rC+ Will+ Int-3}
 16249 | Gauntlet | 16249 ||| UPGRADING to ring of Temperance {rF+ rC+ Will+
                  | Int-3}.
 16251 | Gauntlet | 16251 ||| DROPPING ring of ice.
 16252 | Gauntlet | 16252 ||| UPGRADING to +5 ring of evasion.
 16254 | Gauntlet | 16254 ||| Stepping randomly (stuck).
 16255 | Gauntlet | 16255 ||| Stepping randomly (stuck).
 16256 | Gauntlet | 16256 ||| Stepping randomly (stuck).
 16257 | Gauntlet | 16257 ||| Stepping randomly (stuck).
 16258 | Gauntlet | 16258 ||| Stepping randomly (stuck).
 16259 | Gauntlet | 16259 ||| Stepping randomly (stuck).
 16260 | Gauntlet | 16260 ||| Stepping randomly (stuck).
 16261 | Gauntlet | 16261 ||| Stepping randomly (stuck).
 16262 | Gauntlet | 16262 ||| Stepping randomly (stuck).
 16263 | Gauntlet | 16263 ||| Stepping randomly (stuck).
 16264 | Gauntlet | 16264 ||| Stepping randomly (stuck).
 16265 | Gauntlet | 16265 ||| Stepping randomly (stuck).
 16266 | Gauntlet | 16266 ||| Stepping randomly (stuck).
 16267 | Gauntlet | 16267 ||| Stepping randomly (stuck).
 16268 | Gauntlet | 16268 ||| Stepping randomly (stuck).
 16269 | Gauntlet | 16269 ||| Stepping randomly (stuck).
 16270 | Gauntlet | 16270 ||| Stepping randomly (stuck).
 16271 | Gauntlet | 16271 ||| Stepping randomly (stuck).
 16272 | Gauntlet | 16272 ||| Stepping randomly (stuck).
 16273 | Gauntlet | 16273 ||| Stepping randomly (stuck).
 16274 | Gauntlet | 16274 ||| Stepping randomly (stuck).
 16275 | Gauntlet | 16275 ||| Stepping randomly (stuck).
 16276 | Gauntlet | 16276 ||| Stepping randomly (stuck).
 16277 | Gauntlet | 16277 ||| Stepping randomly (stuck).
 16278 | Gauntlet | 16278 ||| Stepping randomly (stuck).
 16279 | Gauntlet | 16279 ||| Stepping randomly (stuck).
 16280 | Gauntlet | 16280 ||| Stepping randomly (stuck).
 16281 | Gauntlet | 16281 ||| Stepping randomly (stuck).
 16282 | Gauntlet | 16282 ||| Stepping randomly (stuck).
 16283 | Gauntlet | 16283 ||| Stepping randomly (stuck).
 16284 | Gauntlet | 16284 ||| Stepping randomly (stuck).
 16285 | Gauntlet | 16285 ||| Stepping randomly (stuck).
 16286 | Gauntlet | 16286 ||| Stepping randomly (stuck).
 16287 | Gauntlet | 16287 ||| Stepping randomly (stuck).
 16288 | Gauntlet | 16288 ||| Stepping randomly (stuck).
 16289 | Gauntlet | 16289 ||| Stepping randomly (stuck).
 16290 | Gauntlet | 16290 ||| Stepping randomly (stuck).
 16291 | Gauntlet | 16291 ||| Stepping randomly (stuck).
 16292 | Gauntlet | 16292 ||| Stepping randomly (stuck).
 16293 | Gauntlet | 16293 ||| Stepping randomly (stuck).
 16294 | Gauntlet | 16294 ||| Stepping randomly (stuck).
 16295 | Gauntlet | 16295 ||| Stepping randomly (stuck).
 16296 | Gauntlet | 16296 ||| Stepping randomly (stuck).
 16297 | Gauntlet | 16297 ||| PLANNING GAUNTLET
 16297 | Gauntlet | 16297 ||| PLANNING GAUNTLET
 16317 | Gauntlet | 16317 ||| Stepping randomly (stuck).
 16318 | Gauntlet | 16318 ||| Stepping randomly (stuck).
 16319 | Gauntlet | 16319 ||| Stepping randomly (stuck).
 16324 | Gauntlet | 16324 ||| Stepping randomly (stuck).
 16325 | Gauntlet | 16325 ||| Stepping randomly (stuck).
 16326 | Gauntlet | 16326 ||| Distance map at 20,23 (exit_gauntlet) from
                  | position 0,0 (floor)
 16326 | Gauntlet | 16326 |||
 16326 | Gauntlet | 16326 |||
 16326 | Gauntlet | 16326 |||
 16326 | Gauntlet | 16326 |||
 16326 | Gauntlet | 16326 |||
 16326 | Gauntlet | 16326 |||
 16326 | Gauntlet | 16326 |||
 16326 | Gauntlet | 16326 |||
 16326 | Gauntlet | 16326 |||
 16326 | Gauntlet | 16326 |||
 16326 | Gauntlet | 16326 |||
 16326 | Gauntlet | 16326 |||
 16326 | Gauntlet | 16326 ||| xxxyz{|}~ØØØØØØØØØØØØØØØØØØØØØØØØØØØØ
 16326 | Gauntlet | 16326 ||| wwxyz{|}~ØØØØØØØØØØØØØØØØØØØØØØØØØØØØ
 16326 | Gauntlet | 16326 ||| v Ø Ø Ø
 16326 | Gauntlet | 16326 ||| u Ø Ø Ø
 16326 | Gauntlet | 16326 ||| t Ø Ø Ø
 16326 | Gauntlet | 16326 ||| s Ø Ø Ø
 16326 | Gauntlet | 16326 ||| r Ø Ø Ø
 16326 | Gauntlet | 16326 ||| q Ø Ø Ø
 16326 | Gauntlet | 16326 ||| p Ø ✞ Ø Ø
 16326 | Gauntlet | 16326 ||| o Ø Ø Ø
 16326 | Gauntlet | 16326 ||| n Ø Ø Ø
 16326 | Gauntlet | 16326 ||| m Ø Ø Ø
 16326 | Gauntlet | 16326 ||| l
 16326 | Gauntlet | 16326 ||| lkjii
 16326 | Gauntlet | 16326 ||| lkjih
 16326 | Gauntlet | 16326 ||| ihgfedcba`____
 16326 | Gauntlet | 16326 ||| ihgfedcba`_^^^
 16326 | Gauntlet | 16326 ||| ]] Q
 16326 | Gauntlet | 16326 ||| \\ P
 16326 | Gauntlet | 16326 ||| [[ O
 16326 | Gauntlet | 16326 ||| ZZ N
 16326 | Gauntlet | 16326 ||| YY M
 16326 | Gauntlet | 16326 ||| XX L
 16326 | Gauntlet | 16326 ||| WWWW K
 16326 | Gauntlet | 16326 ||| WVVV J
 16326 | Gauntlet | 16326 ||| UU I
 16326 | Gauntlet | 16326 ||| UT H
 16326 | Gauntlet | 16326 ||| UTSRQPONMLKJIHGFEEEE
 16326 | Gauntlet | 16326 ||| UTSRQPONMLKJIHGFEDDD
 16326 | Gauntlet | 16326 ||| Distance map at 6,3 (floor) from position 0,0
                  | (floor)
 16326 | Gauntlet | 16326 |||
 16326 | Gauntlet | 16326 |||
 16326 | Gauntlet | 16326 |||
 16326 | Gauntlet | 16326 |||
 16326 | Gauntlet | 16326 |||
 16326 | Gauntlet | 16326 |||
 16326 | Gauntlet | 16326 |||
 16326 | Gauntlet | 16326 |||
 16326 | Gauntlet | 16326 |||
 16326 | Gauntlet | 16326 |||
 16326 | Gauntlet | 16326 |||
 16326 | Gauntlet | 16326 |||
 16326 | Gauntlet | 16326 |||
 16326 | Gauntlet | 16326 |||
 16326 | Gauntlet | 16326 |||
 16326 | Gauntlet | 16326 ||| e KJIII
 16326 | Gauntlet | 16326 ||| d L HH
 16326 | Gauntlet | 16326 ||| c M U G
 16326 | Gauntlet | 16326 ||| b N T V F
 16326 | Gauntlet | 16326 ||| a O S W E
 16326 | Gauntlet | 16326 ||| ` @ R X D
 16326 | Gauntlet | 16326 ||| _ Q Y C
 16326 | Gauntlet | 16326 ||| _^ Z B
 16326 | Gauntlet | 16326 ||| _^]\[ BA
 16326 | Gauntlet | 16326 |||
 16326 | Gauntlet | 16326 |||
 16326 | Gauntlet | 16326 |||
 16326 | Gauntlet | 16326 |||
 16326 | Gauntlet | 16326 |||
 16326 | Gauntlet | 16326 |||
 16326 | Gauntlet | 16326 |||
 16326 | Gauntlet | 16326 |||
 16326 | Gauntlet | 16326 |||
 16326 | Gauntlet | 16326 |||
 16326 | Gauntlet | 16326 |||
 16326 | Gauntlet | 16326 |||
 16326 | Gauntlet | 16326 |||
 16326 | Gauntlet | 16326 |||
 16326 | Gauntlet | 16326 |||
 16326 | Gauntlet | 16326 |||
 16326 | Gauntlet | 16326 |||
 16326 | Gauntlet | 16326 ||| Distance map at 20,-8 (exit_gauntlet) from
                  | position 0,0 (floor)
 16326 | Gauntlet | 16326 |||
 16326 | Gauntlet | 16326 |||
 16326 | Gauntlet | 16326 |||
 16326 | Gauntlet | 16326 |||
 16326 | Gauntlet | 16326 |||
 16326 | Gauntlet | 16326 |||
 16326 | Gauntlet | 16326 |||
 16326 | Gauntlet | 16326 |||
 16326 | Gauntlet | 16326 |||
 16326 | Gauntlet | 16326 |||
 16326 | Gauntlet | 16326 |||
 16326 | Gauntlet | 16326 |||
 16326 | Gauntlet | 16326 ||| edcba`_^]\[ZYXWVUTSRQPONMLKJIHGFEDCBA
 16326 | Gauntlet | 16326 ||| edcba`_^]\[ZYXWVUTSRQPONMLKJIHGFEDCBB
 16326 | Gauntlet | 16326 ||| e Y M C
 16326 | Gauntlet | 16326 ||| f Z N D
 16326 | Gauntlet | 16326 ||| g [ O E
 16326 | Gauntlet | 16326 ||| h \ P F
 16326 | Gauntlet | 16326 ||| i ] Q G
 16326 | Gauntlet | 16326 ||| j ^ R H
 16326 | Gauntlet | 16326 ||| k _ ✞ S I
 16326 | Gauntlet | 16326 ||| l ` T J
 16326 | Gauntlet | 16326 ||| m a U K
 16326 | Gauntlet | 16326 ||| n b V L
 16326 | Gauntlet | 16326 ||| o
 16326 | Gauntlet | 16326 ||| ppqrs
 16326 | Gauntlet | 16326 ||| qqqrs
 16326 | Gauntlet | 16326 ||| rstuvwxyz{|}~Ø
 16326 | Gauntlet | 16326 ||| sstuvwxyz{|}~Ø
 16326 | Gauntlet | 16326 ||| ~Ø Ø
 16326 | Gauntlet | 16326 ||| ØØ Ø
 16326 | Gauntlet | 16326 ||| ØØ Ø
 16326 | Gauntlet | 16326 ||| ØØ Ø
 16326 | Gauntlet | 16326 ||| ØØ Ø
 16326 | Gauntlet | 16326 ||| ØØ Ø
 16326 | Gauntlet | 16326 ||| ØØØØ Ø
 16326 | Gauntlet | 16326 ||| ØØØØ Ø
 16326 | Gauntlet | 16326 ||| ØØ Ø
 16326 | Gauntlet | 16326 ||| ØØ Ø
 16326 | Gauntlet | 16326 ||| ØØØØØØØØØØØØØØØØØØØØ
 16326 | Gauntlet | 16326 ||| ØØØØØØØØØØØØØØØØØØØØ
 16326 | Gauntlet | 16326 ||| Stepping randomly (stuck).
 16327 | Gauntlet | 16327 ||| Stepping randomly (stuck).
 16329 | Gauntlet | 16329 ||| Stepping randomly (stuck).
 16330 | Gauntlet | 16330 ||| Stepping randomly (stuck).
 16332 | Gauntlet | 16332 ||| Stepping randomly (stuck).
 16334 | Gauntlet | 16334 ||| Stepping randomly (stuck).
 16335 | Gauntlet | 16335 ||| PLANNING GAUNTLET
 16377 | Gauntlet | Identified the +8 battleaxe of Hard Scrabble {spect, Dex+4}
 16378 | Gauntlet | 16378 ||| INVOKING Heroism.
 16379 | Gauntlet | 16379 ||| INVOKING Finesse.
 16457 | D:11     | 16457 ||| PLANNING D:1-11
 16667 | D:11     | 16667 ||| PLANNING D
 16704 | D:12     | 16704 ||| PLANNING D
 16755 | D:12     | 16755 ||| READING scroll of enchant weapon.
 16755 | D:12     | 16755 ||| ENCHANTING +2 spectral war axe.
 16869 | D:12     | Noticed Sonja
 16870 | D:12     | 16870 ||| Stepping ~*~*~tactically~*~*~ (hiding).
 16873 | D:12     | 16873 ||| INVOKING Finesse.
 16878 | D:12     | Killed Sonja
 17114 | D:12     | 17114 ||| Stepping ~*~*~tactically~*~*~ (hiding).
 17115 | D:12     | 17115 ||| Stepping ~*~*~tactically~*~*~ (hiding).
 17183 | D:12     | Identified the ring of Zuf Ugei {rC+ MP+9 Int+4 SInv}
 17187 | D:12     | Found a staircase to the Orcish Mines.
 17479 | D:12     | 17479 ||| INVOKING Heroism.
 17490 | D:12     | Received a gift from Okawaru
 17601 | D:12     | 17601 ||| DROPPING ring of protection from cold.
 17602 | D:12     | 17602 ||| UPGRADING to ring of Zuf Ugei {rC+ MP+9 Int+4
                  | SInv}.
 17708 | D:13     | 17708 ||| Stepping ~*~*~tactically~*~*~ (stealth).
 17772 | D:13     | 17772 ||| INVOKING Heroism.
 17773 | D:13     | 17773 ||| INVOKING Finesse.
 17780 | D:13     | Reached XP level 15. HP: 96/96 MP: 22/22
 17918 | D:13     | 17918 ||| Stepping ~*~*~tactically~*~*~ (hiding).
 17919 | D:13     | 17919 ||| Stepping ~*~*~tactically~*~*~ (hiding).
 17920 | D:13     | 17920 ||| Stepping ~*~*~tactically~*~*~ (hiding).
 17921 | D:13     | 17921 ||| Stepping ~*~*~tactically~*~*~ (hiding).
 17956 | D:13     | 17956 ||| Stepping ~*~*~tactically~*~*~ (hiding).
 17963 | D:13     | 17963 ||| Stepping ~*~*~tactically~*~*~ (hiding).
 17969 | D:13     | 17969 ||| Stepping ~*~*~tactically~*~*~ (hiding).
 17971 | D:13     | 17971 ||| Stepping ~*~*~tactically~*~*~ (hiding).
 17976 | D:13     | 17976 ||| Stepping ~*~*~tactically~*~*~ (hiding).
 18017 | D:13     | 18017 ||| Stepping ~*~*~tactically~*~*~ (hiding).
 18023 | D:13     | Received a gift from Okawaru
 18199 | D:13     | 18199 ||| Stepping ~*~*~tactically~*~*~ (stealth).
 18274 | D:13     | 18274 ||| Stepping ~*~*~tactically~*~*~ (stealth).
 18402 | D:13     | 18402 ||| UPGRADING to +0 kite shield.
 18412 | D:13     | 18412 ||| DROPPING +2 buckler.
 18457 | D:14     | 18457 ||| Stepping ~*~*~tactically~*~*~ (hiding).
 18467 | D:14     | 18467 ||| INVOKING Heroism.
 18681 | D:14     | 18681 ||| Stepping ~*~*~tactically~*~*~ (hiding).
 18690 | D:14     | 18690 ||| FLEEEEING.
 18691 | D:14     | 18691 ||| FLEEEEING.
 18694 | D:14     | 18694 ||| FLEEEEING.
 18695 | D:14     | 18695 ||| FLEEEEING.
 18707 | D:14     | Reached skill level 9 in Shields
 18715 | D:14     | 18715 ||| Stepping ~*~*~tactically~*~*~ (stealth).
 18716 | D:14     | 18716 ||| Stepping ~*~*~tactically~*~*~ (stealth).
 18918 | D:14     | 18918 ||| INVOKING Heroism.
 18919 | D:14     | 18919 ||| INVOKING Finesse.
 18925 | D:14     | 18925 ||| SWAPPING to +1 war axe of the Asp {flame, *Slow
                  | Int+7}.
 18927 | D:14     | 18927 ||| SWAPPING to +3 spectral war axe.
 18967 | D:14     | 18967 ||| Stepping ~*~*~tactically~*~*~ (stealth).
 18976 | D:14     | Received a gift from Okawaru
 19029 | D:14     | 19029 ||| Stepping ~*~*~tactically~*~*~ (hiding).
 19039 | D:14     | 19039 ||| INVOKING Heroism.
 19179 | D:14     | 19179 ||| Stepping ~*~*~tactically~*~*~ (hiding).
 19180 | D:14     | 19180 ||| Stepping ~*~*~tactically~*~*~ (hiding).
 19181 | D:14     | 19181 ||| Stepping ~*~*~tactically~*~*~ (hiding).
 19182 | D:14     | 19182 ||| Stepping ~*~*~tactically~*~*~ (hiding).
 19183 | D:14     | 19183 ||| Stepping ~*~*~tactically~*~*~ (hiding).
 19184 | D:14     | 19184 ||| Stepping ~*~*~tactically~*~*~ (hiding).
 19185 | D:14     | 19185 ||| Stepping ~*~*~tactically~*~*~ (hiding).
 19186 | D:14     | 19186 ||| Stepping ~*~*~tactically~*~*~ (hiding).
 19194 | D:14     | Received a gift from Okawaru
 19215 | D:14     | Identified the scarf "Atoder" {rC+ rF+, -Cast Will+ Str+3}
                  | (Okawaru gifted it to you on level 14 of the Dungeon)
 19215 | D:14     | Received a gift from Okawaru
 19216 | D:14     | 19216 ||| FLEEEEING.
 19217 | D:14     | 19217 ||| FLEEEEING.
 19228 | D:14     | 19228 ||| INVOKING Heroism.
 19314 | D:14     | Found a gate to the Vaults.
 19377 | D:14     | 19377 ||| Stepping ~*~*~tactically~*~*~ (stealth).
 19378 | D:14     | 19378 ||| Stepping ~*~*~tactically~*~*~ (stealth).
 19380 | D:14     | 19380 ||| Stepping ~*~*~tactically~*~*~ (stealth).
 19505 | D:14     | Gained mutation: You are dopey. (Int -2) [a neqoxec]
 19508 | D:14     | Reached skill level 12 in Shields
 19613 | D:14     | 19613 ||| Stepping ~*~*~tactically~*~*~ (hiding).
 19615 | D:14     | 19615 ||| Stepping ~*~*~tactically~*~*~ (hiding).
 19624 | D:14     | 19624 ||| Stepping ~*~*~tactically~*~*~ (hiding).
 19631 | D:14     | 19631 ||| Stepping ~*~*~tactically~*~*~ (hiding).
 19639 | D:14     | 19639 ||| FLEEEEING.
 19641 | D:14     | 19641 ||| FLEEEEING.
 19642 | D:14     | 19642 ||| FLEEEEING.
 19643 | D:14     | 19643 ||| FLEEEEING.
 19644 | D:14     | 19644 ||| FLEEEEING.
 19655 | D:14     | 19655 ||| Stepping ~*~*~tactically~*~*~ (hiding).
 19657 | D:14     | 19657 ||| Stepping ~*~*~tactically~*~*~ (hiding).
 19658 | D:14     | 19658 ||| Stepping ~*~*~tactically~*~*~ (hiding).
 19659 | D:14     | 19659 ||| Stepping ~*~*~tactically~*~*~ (hiding).
 19660 | D:14     | 19660 ||| Stepping ~*~*~tactically~*~*~ (hiding).
 20336 | D:14     | 20336 ||| UPGRADING to +2 kite shield of positive energy.
 20346 | D:14     | 20346 ||| DROPPING +0 kite shield.
 20347 | D:14     | 20347 ||| UPGRADING to scarf "Atoder" {rC+ rF+, -Cast Will+
                  | Str+3}.
 20352 | D:14     | 20352 ||| READING scroll labelled VIMNOOKHL YWKE.
 20394 | D:15     | Entered Level 15 of the Dungeon
 20424 | D:15     | 20424 ||| INVOKING Heroism.
 20425 | D:15     | 20425 ||| INVOKING Finesse.
 20598 | D:15     | 20598 ||| Stepping ~*~*~tactically~*~*~ (hiding).
 20599 | D:15     | 20599 ||| Stepping ~*~*~tactically~*~*~ (hiding).
 20601 | D:15     | 20601 ||| INVOKING Heroism.
 20623 | D:15     | Reached skill level 13 in Fighting
 20631 | D:15     | 20631 ||| INVOKING Finesse.
 20639 | D:15     | Identified the +6 battleaxe "Epra" {freeze, rElec rN+++
                  | Will++ Str-5} (Okawaru gifted it to you on level 15 of the
                  | Dungeon)
 20639 | D:15     | Received a gift from Okawaru
 20640 | D:15     | Reached XP level 16. HP: 68/104 MP: 23/23
 20713 | D:15     | Found a glowing golden altar of the Shining One.
 20830 | D:15     | 20830 ||| INVOKING Heroism.
 20905 | D:15     | Found a staircase to the Depths.
 20945 | D:15     | 20945 ||| Stepping ~*~*~tactically~*~*~ (stealth).
 20947 | D:15     | 20947 ||| Stepping ~*~*~tactically~*~*~ (stealth).
 20949 | D:15     | 20949 ||| Stepping ~*~*~tactically~*~*~ (stealth).
 20950 | D:15     | 20950 ||| Stepping ~*~*~tactically~*~*~ (stealth).
 20951 | D:15     | 20951 ||| Stepping ~*~*~tactically~*~*~ (stealth).
 20967 | D:15     | 20967 ||| READING scroll of enchant armour.
 20967 | D:15     | 20967 ||| ENCHANTING +0 helmet.
 21057 | D:15     | 21057 ||| PLANNING ORC
 21143 | Orc:1    | Entered Level 1 of the Orcish Mines
 21152 | Orc:1    | 21152 ||| INVOKING Heroism.
 21178 | Orc:1    | 21178 ||| Stepping ~*~*~tactically~*~*~ (stealth).
 21180 | Orc:1    | 21180 ||| Stepping ~*~*~tactically~*~*~ (hiding).
 21181 | Orc:1    | 21181 ||| Stepping ~*~*~tactically~*~*~ (hiding).
 21182 | Orc:1    | 21182 ||| Stepping ~*~*~tactically~*~*~ (hiding).
 21183 | Orc:1    | 21183 ||| Stepping ~*~*~tactically~*~*~ (hiding).
 21370 | Orc:2    | Entered Level 2 of the Orcish Mines
 21447 | Orc:2    | 21447 ||| Stepping ~*~*~tactically~*~*~ (hiding).
 21450 | Orc:2    | 21450 ||| Stepping ~*~*~tactically~*~*~ (hiding).
 21484 | Orc:1    | 21484 ||| INVOKING Heroism.
 21603 | Orc:2    | 21603 ||| Stepping ~*~*~tactically~*~*~ (stealth).
 21605 | Orc:2    | 21605 ||| Stepping ~*~*~tactically~*~*~ (stealth).
 21606 | Orc:2    | 21606 ||| Stepping ~*~*~tactically~*~*~ (stealth).
 21607 | Orc:2    | 21607 ||| Stepping ~*~*~tactically~*~*~ (stealth).
 21611 | Orc:2    | 21611 ||| Stepping ~*~*~tactically~*~*~ (stealth).
 21612 | Orc:2    | 21612 ||| INVOKING Heroism.
 21916 | Orc:2    | 21916 ||| Stepping ~*~*~tactically~*~*~ (hiding).
 21918 | Orc:2    | 21918 ||| Stepping ~*~*~tactically~*~*~ (hiding).
 21919 | Orc:2    | 21919 ||| Stepping ~*~*~tactically~*~*~ (hiding).
 22106 | Orc:2    | Found a staircase to the Elven Halls.
 22168 | Orc:2    | 22168 ||| Stepping ~*~*~tactically~*~*~ (stealth).
 22177 | Orc:2    | 22177 ||| INVOKING Heroism.
 22182 | Orc:2    | HP: 26/105 [orc priest/divine providence (14)]
 22183 | Orc:2    | 22183 ||| READING 11 scrolls of teleportation.
 22184 | Orc:2    | 22184 ||| DRINKING 3 potions of heal wounds.
 22196 | Orc:2    | 22196 ||| INVOKING Heroism.
 22206 | Orc:2    | HP: 22/105 [orc high priest/divine providence (14)]
 22207 | Orc:2    | 22207 ||| READING 10 scrolls of teleportation.
 22208 | Orc:2    | 22208 ||| DRINKING 2 potions of heal wounds.
 22210 | Orc:2    | Reached skill level 14 in Fighting
 22284 | Orc:2    | 22284 ||| INVOKING Heroism.
 22325 | Orc:2    | 22325 ||| Stepping ~*~*~tactically~*~*~ (hiding).
 22346 | Orc:2    | 22346 ||| INVOKING Heroism.
 22355 | Orc:2    | Received a gift from Okawaru
 22364 | Orc:2    | 22364 ||| INVOKING Heroism.
 22376 | Orc:2    | HP: 25/106 [orc knight/+1 war axe (11)]
 22377 | Orc:2    | 22377 ||| READING 9 scrolls of teleportation.
 22378 | Orc:2    | 22378 ||| DRINKING potion of heal wounds.
 22489 | Orc:2    | 22489 ||| Stepping ~*~*~tactically~*~*~ (stealth).
 22491 | Orc:2    | 22491 ||| Stepping ~*~*~tactically~*~*~ (hiding).
 22492 | Orc:2    | 22492 ||| Stepping ~*~*~tactically~*~*~ (hiding).
 22493 | Orc:2    | 22493 ||| Stepping ~*~*~tactically~*~*~ (hiding).
 22494 | Orc:2    | 22494 ||| Stepping ~*~*~tactically~*~*~ (hiding).
 22495 | Orc:2    | 22495 ||| Stepping ~*~*~tactically~*~*~ (hiding).
 22496 | Orc:2    | 22496 ||| Stepping ~*~*~tactically~*~*~ (hiding).
 22629 | Orc:2    | Found Ystrysher's Antique Weapon Shoppe.
 22631 | Orc:2    | Found Raasaf's Jewellery Emporium.
 22634 | Orc:2    | Found Mivus's Magic Scroll Shoppe.
 22635 | Orc:2    | Found Puupheju's Armour Shoppe.
 22639 | Orc:2    | 22639 ||| BUYING +5 ring of evasion (360 gold).
 22639 | Orc:2    | Bought a +5 ring of evasion for 360 gold pieces
 22639 | Orc:2    | 22639 ||| BUYING ring of Eshas {rN+ MP+9 EV+5} (661 gold).
 22639 | Orc:2    | Bought the ring of Eshas {rN+ MP+9 EV+5} for 661 gold
                  | pieces
 22640 | Orc:2    | 22640 ||| BUYING crude broad axe (189 gold).
 22640 | Orc:2    | Bought a crude broad axe for 189 gold pieces
 22640 | Orc:2    | Identified the +8 broad axe of the Doomed Warrior {flame,
                  | rPois rC+} (You bought it in a shop on level 2 of the
                  | Orcish Mines)
 22640 | Orc:2    | 22640 ||| SWAPPING to +8 broad axe of the Doomed Warrior
                  | {flame, rPois rC+}.
 22641 | Orc:2    | 22641 ||| DROPPING +3 spectral war axe.
 22642 | Orc:2    | 22642 ||| DROPPING +1 war axe of the Asp {flame, *Slow
                  | Int+7}.
 22646 | Orc:2    | 22646 ||| BUYING scroll of acquirement (884 gold).
 22646 | Orc:2    | Bought a scroll of acquirement for 884 gold pieces
 22646 | Orc:2    | 22646 ||| SHOPLISTING scroll of enchant armour (127 gold,
                  | have 88).
 22646 | Orc:2    | 22646 ||| READING scroll of acquirement.
 22646 | Orc:2    | 22646 ||| ACQUIRING 880 gold pieces
 22646 | Orc:2    | Acquired 880 gold pieces
 22648 | Orc:2    | 22648 ||| BUYING scroll of enchant armour (127 gold).
 22648 | Orc:2    | Bought a scroll of enchant armour for 127 gold pieces
 22648 | Orc:2    | 22648 ||| READING scroll of enchant armour.
 22648 | Orc:2    | 22648 ||| ENCHANTING +1 helmet.
 22694 | Orc:2    | 22694 ||| PLANNING SHOALS:1-3
 22694 | Orc:2    | 22694 ||| DROPPING +6 ring of strength.
 22695 | Orc:2    | 22695 ||| DROPPING +5 ring of evasion.
 22696 | Orc:2    | 22696 ||| UPGRADING to ring of Eshas {rN+ MP+9 EV+5}.
 22978 | Shoals:1 | Entered Level 1 of the Shoals
 23035 | Shoals:1 | Received a gift from Okawaru
 23040 | Shoals:1 | 23040 ||| INVOKING Heroism.
 23089 | Shoals:1 | 23089 ||| Stepping ~*~*~tactically~*~*~ (stealth).
 23090 | Shoals:1 | 23090 ||| Stepping ~*~*~tactically~*~*~ (stealth).
 23105 | Shoals:1 | 23105 ||| INVOKING Heroism.
 23177 | Shoals:1 | Received a gift from Okawaru
 23202 | Shoals:1 | 23202 ||| Stepping ~*~*~tactically~*~*~ (hiding).
 23313 | Shoals:1 | 23313 ||| INVOKING Heroism.
 23328 | Shoals:1 | 23328 ||| Stepping ~*~*~tactically~*~*~ (hiding).
 23330 | Shoals:1 | 23330 ||| Stepping ~*~*~tactically~*~*~ (hiding).
 23629 | Shoals:1 | Noticed a kraken
 23636 | Shoals:1 | Killed a kraken
 23877 | Shoals:1 | 23877 ||| DROPPING ring of magical power.
 23923 | Shoals:2 | 23923 ||| INVOKING Heroism.
 23924 | Shoals:2 | 23924 ||| INVOKING Finesse.
 24017 | Shoals:2 | 24017 ||| Stepping ~*~*~tactically~*~*~ (hiding).
 24023 | Shoals:2 | 24023 ||| INVOKING Heroism.
 24341 | Shoals:2 | 24341 ||| INVOKING Heroism.
 24345 | Shoals:2 | Received a gift from Okawaru
 24582 | Shoals:2 | 24582 ||| DROPPING amulet of the acrobat.
 24593 | Shoals:3 | 24593 ||| Stepping ~*~*~tactically~*~*~ (hiding).
 24594 | Shoals:3 | 24594 ||| INVOKING Heroism.
 24762 | Shoals:3 | 24762 ||| INVOKING Heroism.
 24876 | Shoals:3 | 24876 ||| Stepping ~*~*~tactically~*~*~ (stealth).
 24879 | Shoals:3 | 24879 ||| Stepping ~*~*~tactically~*~*~ (stealth).
 24880 | Shoals:3 | 24880 ||| Stepping ~*~*~tactically~*~*~ (stealth).
 24882 | Shoals:3 | 24882 ||| Stepping ~*~*~tactically~*~*~ (hiding).
 24962 | Shoals:3 | 24962 ||| Stepping ~*~*~tactically~*~*~ (stealth).
 24964 | Shoals:3 | 24964 ||| Stepping ~*~*~tactically~*~*~ (stealth).
 24974 | Shoals:3 | 24974 ||| Stepping ~*~*~tactically~*~*~ (stealth).
 25003 | Shoals:3 | 25003 ||| Stepping ~*~*~tactically~*~*~ (stealth).
 25005 | Shoals:3 | 25005 ||| Stepping ~*~*~tactically~*~*~ (hiding).
 25026 | Shoals:3 | 25026 ||| INVOKING Heroism.
 25027 | Shoals:3 | 25027 ||| INVOKING Finesse.
 25137 | Shoals:3 | 25137 ||| INVOKING Heroism.
 25145 | Shoals:3 | Reached XP level 17. HP: 94/111 MP: 24/24
 25159 | Shoals:3 | Received a gift from Okawaru
 25273 | Shoals:3 | 25273 ||| INVOKING Heroism.
 25369 | Shoals:3 | Found Usutsemn's Assorted Antiques.
 25377 | Shoals:3 | 25377 ||| BUYING runed chain mail (232 gold).
 25377 | Shoals:3 | Bought a runed chain mail for 232 gold pieces
 25523 | Shoals:3 | 25523 ||| PLANNING SPIDER:1-3
 25523 | Shoals:3 | 25523 ||| DROPPING +3 chain mail of poison resistance.
 25610 | Spider:1 | Entered Level 1 of the Spider Nest
 25623 | Spider:1 | 25623 ||| Stepping ~*~*~tactically~*~*~ (stealth).
 25627 | Spider:1 | 25627 ||| Stepping ~*~*~tactically~*~*~ (hiding).
 25634 | Spider:1 | Reached skill level 18 in Axes
 25660 | Spider:1 | 25660 ||| Stepping ~*~*~tactically~*~*~ (hiding).
 25719 | Spider:1 | 25719 ||| Stepping ~*~*~tactically~*~*~ (stealth).
 25721 | Spider:1 | 25721 ||| Stepping ~*~*~tactically~*~*~ (stealth).
 25730 | Spider:1 | 25730 ||| FLEEEEING.
 25795 | Spider:1 | 25795 ||| Stepping ~*~*~tactically~*~*~ (stealth).
 25802 | Spider:1 | Received a gift from Okawaru
 25896 | Spider:1 | 25896 ||| Stepping ~*~*~tactically~*~*~ (stealth).
 25967 | Spider:1 | 25967 ||| Stepping ~*~*~tactically~*~*~ (stealth).
 25969 | Spider:1 | 25969 ||| Stepping ~*~*~tactically~*~*~ (stealth).
 26067 | Spider:1 | 26067 ||| Stepping ~*~*~tactically~*~*~ (stealth).
 26068 | Spider:1 | 26068 ||| Stepping ~*~*~tactically~*~*~ (stealth).
 26084 | Spider:1 | 26084 ||| INVOKING Heroism.
 26087 | Spider:1 | Received a gift from Okawaru
 26245 | Spider:1 | 26245 ||| Stepping ~*~*~tactically~*~*~ (hiding).
 26259 | Spider:1 | Reached skill level 15 in Fighting
 26467 | Spider:2 | 26467 ||| Stepping ~*~*~tactically~*~*~ (hiding).
 26471 | Spider:2 | 26471 ||| Stepping ~*~*~tactically~*~*~ (stealth).
 26472 | Spider:2 | 26472 ||| INVOKING Finesse.
 26473 | Spider:2 | 26473 ||| INVOKING Finesse.
 26483 | Spider:2 | 26483 ||| Stepping ~*~*~tactically~*~*~ (stealth).
 26484 | Spider:2 | 26484 ||| Stepping ~*~*~tactically~*~*~ (stealth).
 26495 | Spider:2 | 26495 ||| Stepping ~*~*~tactically~*~*~ (stealth).
 26507 | Spider:2 | 26507 ||| Stepping ~*~*~tactically~*~*~ (stealth).
 26508 | Spider:2 | 26508 ||| Stepping ~*~*~tactically~*~*~ (stealth).
 26510 | Spider:2 | 26510 ||| Stepping ~*~*~tactically~*~*~ (stealth).
 26513 | Spider:2 | 26513 ||| Stepping ~*~*~tactically~*~*~ (stealth).
 26531 | Spider:2 | 26531 ||| Stepping ~*~*~tactically~*~*~ (stealth).
 26533 | Spider:2 | 26533 ||| INVOKING Heroism.
 26579 | Spider:2 | 26579 ||| INVOKING Finesse.
 26581 | Spider:2 | 26581 ||| Stepping ~*~*~tactically~*~*~ (hiding).
 26641 | Spider:2 | 26641 ||| Stepping ~*~*~tactically~*~*~ (hiding).
 26657 | Spider:2 | 26657 ||| INVOKING Heroism.
 26717 | Spider:2 | 26717 ||| Stepping ~*~*~tactically~*~*~ (stealth).
 26723 | Spider:2 | 26723 ||| Stepping ~*~*~tactically~*~*~ (stealth).
 26736 | Spider:2 | 26736 ||| Stepping ~*~*~tactically~*~*~ (stealth).
 26738 | Spider:2 | 26738 ||| Stepping ~*~*~tactically~*~*~ (stealth).
 26748 | Spider:2 | 26748 ||| Stepping ~*~*~tactically~*~*~ (hiding).
 26749 | Spider:2 | 26749 ||| Stepping ~*~*~tactically~*~*~ (stealth).
 26754 | Spider:2 | 26754 ||| Stepping ~*~*~tactically~*~*~ (stealth).
 26755 | Spider:2 | 26755 ||| Stepping ~*~*~tactically~*~*~ (stealth).
 26794 | Spider:2 | 26794 ||| INVOKING Finesse.
 26799 | Spider:2 | Reached skill level 12 in Armour
 26997 | Spider:2 | 26997 ||| Stepping ~*~*~tactically~*~*~ (stealth).
 27017 | Spider:2 | 27017 ||| Stepping ~*~*~tactically~*~*~ (stealth).
 27022 | Spider:2 | Received a gift from Okawaru
 27216 | Spider:2 | 27216 ||| READING scroll of acquirement.
 27216 | Spider:2 | 27216 ||| ACQUIRING +2 pair of gloves "Ampycody" {rElec rF+
                  | rN+}
 27216 | Spider:2 | Acquired the +2 pair of gloves "Ampycody" {rElec rF+ rN+}
 27218 | Spider:2 | 27218 ||| UPGRADING to +2 pair of gloves "Ampycody" {rElec
                  | rF+ rN+}.
 27228 | Spider:2 | 27228 ||| DROPPING +2 pair of gloves.
 27262 | Spider:2 | 27262 ||| Stepping ~*~*~tactically~*~*~ (stealth).
 27292 | Spider:2 | You are sucked into a shaft and drop 1 floor!
 27292 | Spider:3 | Noticed Agnes
 27293 | Spider:3 | 27293 ||| INVOKING Heroism.
 27305 | Spider:3 | Killed Agnes
 27396 | Spider:2 | Received a gift from Okawaru
 27426 | Spider:2 | 27426 ||| Stepping ~*~*~tactically~*~*~ (stealth).
 27701 | Spider:2 | 27701 ||| Stepping ~*~*~tactically~*~*~ (stealth).
 27706 | Spider:2 | 27706 ||| Stepping ~*~*~tactically~*~*~ (stealth).
 27814 | Spider:3 | 27814 ||| Stepping ~*~*~tactically~*~*~ (stealth).
 27823 | Spider:3 | Reached skill level 15 in Shields
 27867 | Spider:3 | Received a gift from Okawaru
 27941 | Spider:3 | 27941 ||| Stepping ~*~*~tactically~*~*~ (stealth).
 27942 | Spider:3 | Noticed Kirke
 27943 | Spider:3 | 27943 ||| INVOKING Heroism.
 27958 | Spider:3 | Killed Kirke
 28043 | Spider:3 | 28043 ||| Stepping ~*~*~tactically~*~*~ (hiding).
 28128 | Spider:3 | 28128 ||| FLEEEEING.
 28129 | Spider:3 | 28129 ||| FLEEEEING.
 28130 | Spider:3 | 28130 ||| FLEEEEING.
 28144 | Spider:3 | 28144 ||| Stepping ~*~*~tactically~*~*~ (stealth).
 28155 | Spider:3 | 28155 ||| INVOKING Finesse.
 28290 | Spider:3 | 28290 ||| INVOKING Heroism.
 28321 | Spider:3 | 28321 ||| PLANNING SHOALS:4
 28490 | Shoals:4 | Entered Level 4 of the Shoals
 28493 | Shoals:4 | 28493 ||| INVOKING Heroism.
 28516 | Shoals:4 | Reached XP level 18. HP: 52/119 MP: 25/25
 28521 | Shoals:4 | 28521 ||| INVOKING Finesse.
 28522 | Shoals:4 | 28522 ||| INVOKING Finesse.
 28524 | Shoals:4 | Received a gift from Okawaru
 28544 | Shoals:4 | Reached skill level 9 in Throwing
 28556 | Shoals:4 | 28556 ||| Stepping ~*~*~tactically~*~*~ (stealth).
 28559 | Shoals:4 | 28559 ||| Stepping ~*~*~tactically~*~*~ (stealth).
 28560 | Shoals:4 | 28560 ||| Stepping ~*~*~tactically~*~*~ (stealth).
 28561 | Shoals:4 | 28561 ||| INVOKING Heroism.
 28602 | Shoals:4 | 28602 ||| Stepping ~*~*~tactically~*~*~ (stealth).
 28620 | Shoals:4 | 28620 ||| INVOKING Heroism.
 28649 | Shoals:4 | 28649 ||| Stepping ~*~*~tactically~*~*~ (hiding).
 28668 | Shoals:4 | 28668 ||| Stepping ~*~*~tactically~*~*~ (stealth).
 28725 | Shoals:4 | 28725 ||| INVOKING Heroism.
 28750 | Shoals:4 | Reached skill level 16 in Fighting
 28764 | Shoals:4 | 28764 ||| INVOKING Heroism.
 28872 | Shoals:4 | 28872 ||| INVOKING Heroism.
 28886 | Shoals:4 | 28886 ||| Stepping ~*~*~tactically~*~*~ (stealth).
 28949 | Shoals:4 | Found a runed translucent gate.
 28949 | Shoals:4 | Found a runed translucent gate.
 28949 | Shoals:4 | Found a runed translucent gate.
 28951 | Shoals:4 | Found an opulent altar of Gozag.
 28952 | Shoals:4 | Noticed Polyphemus
 28953 | Shoals:4 | 28953 ||| INVOKING Heroism.
 28956 | Shoals:4 | Noticed AtomicRavioli's ghost (adept OgFi)
 28979 | Shoals:4 | Killed Polyphemus
 28994 | Shoals:4 | Received a gift from Okawaru
 29015 | Shoals:4 | Found Dataf's Assorted Antiques.
 29017 | Shoals:4 | Noticed Roxanne
 29018 | Shoals:4 | 29018 ||| INVOKING Heroism.
 29043 | Shoals:4 | Killed Roxanne
 29074 | Shoals:4 | 29074 ||| INVOKING Heroism.
 29121 | Shoals:4 | Got a barnacled rune of Zot
 29304 | Shoals:4 | 29304 ||| INVOKING Heroism.
 29357 | Shoals:4 | Identified the ring of Bakyebb {Fire rElec rPois Int-3
                  | Slay+3}
 29387 | Shoals:4 | 29387 ||| INVOKING Heroism.
 29517 | Shoals:4 | 29517 ||| Stepping ~*~*~tactically~*~*~ (hiding).
 29628 | Shoals:4 | 29628 ||| Stepping ~*~*~tactically~*~*~ (hiding).
 29629 | Shoals:4 | 29629 ||| Stepping ~*~*~tactically~*~*~ (hiding).
 29631 | Shoals:4 | 29631 ||| INVOKING Heroism.
 29668 | Shoals:4 | Noticed Bai Suzhen
 29669 | Shoals:4 | 29669 ||| INVOKING Heroism.
 29695 | Shoals:4 | Killed Bai Suzhen
 29695 | Shoals:4 | Received a gift from Okawaru
 29700 | Shoals:4 | 29700 ||| Stepping ~*~*~tactically~*~*~ (cloud).
 29899 | Shoals:4 | 29899 ||| PLANNING VAULTS:1-4
 29899 | Shoals:4 | 29899 ||| DROPPING ring of fire.
 30200 | Vaults:1 | Entered Level 1 of the Vaults
 30208 | Vaults:1 | Reached skill level 17 in Fighting
 30225 | Vaults:1 | 30225 ||| Stepping ~*~*~tactically~*~*~ (hiding).
 30226 | Vaults:1 | 30226 ||| Stepping ~*~*~tactically~*~*~ (hiding).
 30347 | Vaults:1 | 30347 ||| FLEEEEING.
 30348 | Vaults:1 | 30348 ||| FLEEEEING.
 30349 | Vaults:1 | 30349 ||| FLEEEEING.
 30645 | Vaults:1 | Received a gift from Okawaru
 30658 | Vaults:1 | 30658 ||| Stepping ~*~*~tactically~*~*~ (hiding).
 30659 | Vaults:1 | 30659 ||| Stepping ~*~*~tactically~*~*~ (hiding).
 30670 | Vaults:1 | Reached XP level 19. HP: 93/129 MP: 26/26
 30671 | Vaults:1 | 30671 ||| INVOKING Heroism.
 30674 | Vaults:1 | Received a gift from Okawaru
 30674 | Vaults:1 | Found the +7 lajatang of Order {silver, rMut}
 30683 | Vaults:1 | Reached skill level 18 in Fighting
 30700 | Vaults:1 | 30700 ||| Stepping ~*~*~tactically~*~*~ (stealth).
 30703 | Vaults:1 | 30703 ||| Stepping ~*~*~tactically~*~*~ (stealth).
 30705 | Vaults:1 | 30705 ||| INVOKING Finesse.
 30709 | Vaults:1 | 30709 ||| Stepping ~*~*~tactically~*~*~ (hiding).
 30881 | Vaults:1 | 30881 ||| INVOKING Heroism.
 30908 | Vaults:1 | 30908 ||| INVOKING Heroism.
 30911 | Vaults:1 | 30911 ||| Stepping ~*~*~tactically~*~*~ (stealth).
 30912 | Vaults:1 | 30912 ||| Stepping ~*~*~tactically~*~*~ (stealth).
 30963 | Vaults:1 | 30963 ||| Stepping ~*~*~tactically~*~*~ (stealth).
 31059 | Vaults:1 | 31059 ||| INVOKING Heroism.
 31060 | Vaults:1 | 31060 ||| INVOKING Finesse.
 31231 | Vaults:1 | 31231 ||| Stepping ~*~*~tactically~*~*~ (hiding).
 31233 | Vaults:1 | 31233 ||| Stepping ~*~*~tactically~*~*~ (hiding).
 31341 | Vaults:2 | 31341 ||| INVOKING Heroism.
 31343 | Vaults:2 | 31343 ||| INVOKING Finesse.
 31433 | Vaults:2 | Received a gift from Okawaru
 31453 | Vaults:2 | 31453 ||| Stepping ~*~*~tactically~*~*~ (hiding).
 31510 | Vaults:2 | 31510 ||| Stepping ~*~*~tactically~*~*~ (hiding).
 31512 | Vaults:2 | 31512 ||| Stepping ~*~*~tactically~*~*~ (hiding).
 31638 | Vaults:2 | 31638 ||| Stepping ~*~*~tactically~*~*~ (stealth).
 31655 | Vaults:2 | 31655 ||| Stepping ~*~*~tactically~*~*~ (hiding).
 31667 | Vaults:2 | 31667 ||| Stepping ~*~*~tactically~*~*~ (hiding).
 31669 | Vaults:2 | 31669 ||| Stepping ~*~*~tactically~*~*~ (hiding).
 31670 | Vaults:2 | 31670 ||| Stepping ~*~*~tactically~*~*~ (hiding).
 31787 | Vaults:2 | 31787 ||| Stepping ~*~*~tactically~*~*~ (stealth).
 31804 | Vaults:2 | 31804 ||| Stepping ~*~*~tactically~*~*~ (hiding).
 31808 | Vaults:2 | Received a gift from Okawaru
 31819 | Vaults:2 | 31819 ||| INVOKING Heroism.
 31831 | Vaults:2 | Received a gift from Okawaru
 31860 | Vaults:2 | 31860 ||| Stepping ~*~*~tactically~*~*~ (stealth).
 31907 | Vaults:2 | 31907 ||| Stepping ~*~*~tactically~*~*~ (hiding).
 31912 | Vaults:2 | 31912 ||| INVOKING Heroism.
 31913 | Vaults:2 | 31913 ||| INVOKING Finesse.
 31985 | Vaults:2 | 31985 ||| Stepping ~*~*~tactically~*~*~ (hiding).
 31986 | Vaults:2 | 31986 ||| Stepping ~*~*~tactically~*~*~ (hiding).
 31997 | Vaults:2 | 31997 ||| Stepping ~*~*~tactically~*~*~ (hiding).
 32000 | Vaults:2 | 32000 ||| Stepping ~*~*~tactically~*~*~ (hiding).
 32001 | Vaults:2 | 32001 ||| Stepping ~*~*~tactically~*~*~ (hiding).
 32016 | Vaults:2 | Reached skill level 19 in Fighting
 32030 | Vaults:2 | 32030 ||| Stepping ~*~*~tactically~*~*~ (hiding).
 32031 | Vaults:2 | 32031 ||| Stepping ~*~*~tactically~*~*~ (hiding).
 32061 | Vaults:2 | Identified the +5 hand axe of Twilight {heavy, Int+4 Dex+3}
                  | (Okawaru gifted it to you on level 2 of the Vaults)
 32061 | Vaults:2 | Received a gift from Okawaru
 32256 | Vaults:2 | 32256 ||| Stepping ~*~*~tactically~*~*~ (stealth).
 32258 | Vaults:2 | 32258 ||| Stepping ~*~*~tactically~*~*~ (hiding).
 32283 | Vaults:2 | Reached skill level 15 in Armour
 32285 | Vaults:2 | Received a gift from Okawaru
 32336 | Vaults:2 | Identified the +3 hand axe of Extremism {speed, Str-3 Dex+3
                  | SInv} (Okawaru gifted it to you on level 2 of the Vaults)
 32336 | Vaults:2 | Received a gift from Okawaru
 32467 | Vaults:2 | Found Horoavi's Antique Armour Emporium.
 32477 | Vaults:2 | 32477 ||| BUYING glowing plate armour (910 gold).
 32477 | Vaults:2 | Bought a glowing plate armour for 910 gold pieces
 32491 | Vaults:2 | Noticed Mennas
 32492 | Vaults:2 | 32492 ||| INVOKING Heroism.
 32493 | Vaults:2 | 32493 ||| INVOKING Finesse.
 32523 | Vaults:2 | Killed Mennas
 32590 | Vaults:2 | 32590 ||| Stepping ~*~*~tactically~*~*~ (stealth).
 32683 | Vaults:2 | 32683 ||| FLEEEEING.
 32684 | Vaults:2 | 32684 ||| FLEEEEING.
 32685 | Vaults:2 | 32685 ||| FLEEEEING.
 32686 | Vaults:2 | 32686 ||| FLEEEEING.
 32687 | Vaults:2 | 32687 ||| FLEEEEING.
 32688 | Vaults:2 | 32688 ||| FLEEEEING.
 32689 | Vaults:2 | 32689 ||| FLEEEEING.
 32700 | Vaults:2 | 32700 ||| INVOKING Heroism.
 32704 | Vaults:2 | Reached XP level 20. HP: 71/139 MP: 27/27
 32707 | Vaults:2 | Reached skill level 6 in Dodging
 32723 | Vaults:2 | 32723 ||| FLEEEEING.
 32724 | Vaults:2 | 32724 ||| FLEEEEING.
 32725 | Vaults:2 | 32725 ||| FLEEEEING.
 32729 | Vaults:2 | 32729 ||| FLEEEEING.
 32730 | Vaults:2 | 32730 ||| FLEEEEING.
 32731 | Vaults:2 | 32731 ||| FLEEEEING.
 32732 | Vaults:2 | 32732 ||| FLEEEEING.
 32733 | Vaults:2 | 32733 ||| FLEEEEING.
 32734 | Vaults:2 | 32734 ||| FLEEEEING.
 32735 | Vaults:2 | 32735 ||| FLEEEEING.
 32736 | Vaults:2 | 32736 ||| FLEEEEING.
 32752 | Vaults:2 | 32752 ||| FLEEEEING.
 32753 | Vaults:2 | 32753 ||| FLEEEEING.
 32763 | Vaults:2 | 32763 ||| FLEEEEING.
 32768 | Vaults:2 | 32768 ||| FLEEEEING.
 32769 | Vaults:2 | 32769 ||| FLEEEEING.
 32774 | Vaults:2 | 32774 ||| FLEEEEING.
 32776 | Vaults:2 | 32776 ||| FLEEEEING.
 32777 | Vaults:2 | 32777 ||| FLEEEEING.
 32778 | Vaults:2 | 32778 ||| FLEEEEING.
 32779 | Vaults:2 | 32779 ||| STAIRDANCE
 32807 | Vaults:1 | 32807 ||| DROPPING +0 plate armour of poison resistance.
 32808 | Vaults:1 | 32808 ||| UPGRADING to +0 tower shield.
 32818 | Vaults:1 | 32818 ||| DROPPING +2 kite shield of positive energy.
 32821 | Vaults:2 | 32821 ||| STAIRDANCE
 32834 | Vaults:2 | 32834 ||| STAIRDANCE
 32865 | Vaults:2 | 32865 ||| FLEEEEING.
 32866 | Vaults:2 | 32866 ||| FLEEEEING.
 32867 | Vaults:2 | 32867 ||| FLEEEEING.
 32868 | Vaults:2 | 32868 ||| STAIRDANCE
 32929 | Vaults:2 | Found a staircase to the Crypt.
 33002 | Vaults:2 | 33002 ||| Stepping ~*~*~tactically~*~*~ (stealth).
 33003 | Vaults:2 | 33003 ||| Stepping ~*~*~tactically~*~*~ (stealth).
 33004 | Vaults:2 | 33004 ||| Stepping ~*~*~tactically~*~*~ (stealth).
 33040 | Vaults:2 | 33040 ||| Stepping ~*~*~tactically~*~*~ (hiding).
 33049 | Vaults:2 | Received a gift from Okawaru
 33386 | Vaults:2 | 33386 ||| Stepping ~*~*~tactically~*~*~ (stealth).
 33387 | Vaults:2 | 33387 ||| Stepping ~*~*~tactically~*~*~ (stealth).
 33388 | Vaults:2 | 33388 ||| Stepping ~*~*~tactically~*~*~ (stealth).
 33411 | Vaults:2 | 33411 ||| INVOKING Heroism.
 33486 | Vaults:2 | 33486 ||| Stepping ~*~*~tactically~*~*~ (hiding).
 33490 | Vaults:2 | 33490 ||| Stepping ~*~*~tactically~*~*~ (hiding).
 33809 | Vaults:3 | 33809 ||| Stepping ~*~*~tactically~*~*~ (hiding).
 33816 | Vaults:3 | Identified the +0 crystal plate armour of Mental Paralysis
                  | {Int+7} (Okawaru gifted it to you on level 3 of the Vaults)
 33816 | Vaults:3 | Received a gift from Okawaru
 33822 | Vaults:3 | 33822 ||| FLEEEEING.
 33836 | Vaults:3 | 33836 ||| INVOKING Heroism.
 33847 | Vaults:3 | Reached skill level 18 in Shields
 33976 | Vaults:3 | Identified the +4 leather armour of Ommel {Rampage +Inv
                  | rCorr Str-5}
 34067 | Vaults:3 | 34067 ||| INVOKING Heroism.
 34096 | Vaults:3 | 34096 ||| Stepping ~*~*~tactically~*~*~ (stealth).
 34143 | Vaults:3 | 34143 ||| FLEEEEING.
 34144 | Vaults:3 | 34144 ||| FLEEEEING.
 34229 | Vaults:3 | 34229 ||| Stepping ~*~*~tactically~*~*~ (hiding).
 34246 | Vaults:3 | 34246 ||| Stepping ~*~*~tactically~*~*~ (hiding).
 34424 | Vaults:3 | 34424 ||| Stepping ~*~*~tactically~*~*~ (hiding).
 34426 | Vaults:3 | 34426 ||| Stepping ~*~*~tactically~*~*~ (hiding).
 34483 | Vaults:3 | 34483 ||| Stepping ~*~*~tactically~*~*~ (stealth).
 34484 | Vaults:3 | 34484 ||| Stepping ~*~*~tactically~*~*~ (stealth).
 34492 | Vaults:3 | 34492 ||| Stepping ~*~*~tactically~*~*~ (hiding).
 34557 | Vaults:3 | 34557 ||| Stepping ~*~*~tactically~*~*~ (stealth).
 34787 | Vaults:3 | 34787 ||| Stepping ~*~*~tactically~*~*~ (hiding).
 34931 | Vaults:3 | Found a runed translucent door.
 34950 | Vaults:3 | 34950 ||| DROPPING +4 storm dragon scales {Bai Suzhen}.
 34951 | Vaults:3 | 34951 ||| UPGRADING to +0 crystal plate armour of Mental
                  | Paralysis {Int+7}.
 35011 | Vaults:4 | 35011 ||| Stepping ~*~*~tactically~*~*~ (hiding).
 35013 | Vaults:4 | 35013 ||| Stepping ~*~*~tactically~*~*~ (hiding).
 35027 | Vaults:4 | Received a gift from Okawaru
 35096 | Vaults:4 | 35096 ||| Stepping ~*~*~tactically~*~*~ (stealth).
 35211 | Vaults:4 | 35211 ||| INVOKING Heroism.
 35212 | Vaults:4 | 35212 ||| INVOKING Finesse.
 35264 | Vaults:4 | HP: 22/139 [orc warlord/+1 halberd of freezing (15)]
 35265 | Vaults:4 | 35265 ||| READING 10 scrolls of teleportation.
 35266 | Vaults:4 | 35266 ||| DRINKING 6 potions of heal wounds.
 35267 | Vaults:4 | 35267 ||| DRINKING 5 potions of heal wounds.
 35287 | Vaults:4 | 35287 ||| FLEEEEING.
 35288 | Vaults:4 | 35288 ||| FLEEEEING.
 35289 | Vaults:4 | 35289 ||| FLEEEEING.
 35290 | Vaults:4 | 35290 ||| FLEEEEING.
 35293 | Vaults:4 | 35293 ||| STAIRDANCE
 35445 | Vaults:4 | 35445 ||| Stepping ~*~*~tactically~*~*~ (hiding).
 35448 | Vaults:4 | 35448 ||| Stepping ~*~*~tactically~*~*~ (hiding).
 35505 | Vaults:4 | Identified the +7 broad axe of the Lamprey {antimagic,
                  | rPois rC- Will+++ Dex-4} (Okawaru gifted it to you on level
                  | 4 of the Vaults)
 35505 | Vaults:4 | Received a gift from Okawaru
 35512 | Vaults:4 | Reached XP level 21. HP: 117/144 MP: 28/28
 35537 | Vaults:4 | 35537 ||| SWAPPING to +7 broad axe of the Lamprey
                  | {antimagic, rPois rC- Will+++ Dex-4}.
 35748 | Vaults:4 | 35748 ||| INVOKING Heroism.
 35764 | Vaults:4 | 35764 ||| FLEEEEING.
 35765 | Vaults:4 | 35765 ||| FLEEEEING.
 35766 | Vaults:4 | 35766 ||| FLEEEEING.
 35769 | Vaults:4 | 35769 ||| Stepping ~*~*~tactically~*~*~ (hiding).
 35960 | Vaults:4 | 35960 ||| Stepping ~*~*~tactically~*~*~ (hiding).
 35980 | Vaults:4 | Reached ****** piety under Okawaru
 36036 | Vaults:4 | 36036 ||| Stepping ~*~*~tactically~*~*~ (hiding).
 36040 | Vaults:4 | 36040 ||| Stepping ~*~*~tactically~*~*~ (hiding).
 36065 | Vaults:4 | 36065 ||| Stepping ~*~*~tactically~*~*~ (stealth).
 36076 | Vaults:4 | Reached skill level 18 in Armour
 36076 | Vaults:4 | 36076 ||| Stepping ~*~*~tactically~*~*~ (hiding).
 36082 | Vaults:4 | Identified the +2 helmet of Okawaru's Indignation {Will+
                  | Int+5} (Okawaru gifted it to you on level 4 of the Vaults)
 36082 | Vaults:4 | Received a gift from Okawaru
 36085 | Vaults:4 | 36085 ||| INVOKING Finesse.
 36401 | Vaults:4 | 36401 ||| PLANNING SPIDER:4
 36401 | Vaults:4 | 36401 ||| SWAPPING to +8 broad axe of the Doomed Warrior
                  | {flame, rPois rC+}.
 36502 | Vaults:4 | 36502 ||| UPGRADING to +2 helmet of Okawaru's Indignation
                  | {Will+ Int+5}.
 36512 | Vaults:4 | 36512 ||| DROPPING +2 helmet.
 36843 | Spider:4 | Entered Level 4 of the Spider Nest
 36940 | Spider:4 | 36940 ||| Stepping ~*~*~tactically~*~*~ (stealth).
 36947 | Spider:4 | 36947 ||| FLEEEEING.
 36950 | Spider:4 | 36950 ||| FLEEEEING.
 37002 | Spider:4 | 37002 ||| Stepping ~*~*~tactically~*~*~ (stealth).
 37100 | Spider:4 | 37100 ||| INVOKING Heroism.
 37124 | Spider:4 | Noticed Asterion
 37125 | Spider:4 | 37125 ||| INVOKING Heroism.
 37126 | Spider:4 | 37126 ||| INVOKING Finesse.
 37133 | Spider:4 | Killed Asterion
 37159 | Spider:4 | 37159 ||| SWAPPING to +2 spectral broad axe.
 37160 | Spider:4 | 37160 ||| DROPPING +0 broad axe.
 37161 | Spider:4 | 37161 ||| READING 3 scrolls of enchant weapon.
 37161 | Spider:4 | 37161 ||| ENCHANTING +2 spectral broad axe.
 37162 | Spider:4 | 37162 ||| READING 2 scrolls of enchant weapon.
 37162 | Spider:4 | 37162 ||| ENCHANTING +3 spectral broad axe.
 37163 | Spider:4 | 37163 ||| READING scroll of enchant weapon.
 37163 | Spider:4 | 37163 ||| ENCHANTING +4 spectral broad axe.
 37164 | Spider:4 | 37164 ||| DROPPING +7 broad axe of the Lamprey {antimagic,
                  | rPois rC- Will+++ Dex-4}.
 37243 | Spider:4 | 37243 ||| READING scroll of enchant weapon.
 37243 | Spider:4 | 37243 ||| ENCHANTING +5 spectral broad axe.
 37354 | Spider:4 | 37354 ||| Stepping ~*~*~tactically~*~*~ (stealth).
 37442 | Spider:4 | 37442 ||| FLEEEEING.
 37443 | Spider:4 | 37443 ||| FLEEEEING.
 37444 | Spider:4 | 37444 ||| FLEEEEING.
 37530 | Spider:4 | 37530 ||| Stepping ~*~*~tactically~*~*~ (stealth).
 37573 | Spider:4 | 37573 ||| Stepping ~*~*~tactically~*~*~ (stealth).
 37578 | Spider:4 | 37578 ||| Stepping ~*~*~tactically~*~*~ (stealth).
 37579 | Spider:4 | 37579 ||| Stepping ~*~*~tactically~*~*~ (stealth).
 37823 | Spider:4 | Identified the +4 helmet of the Farrier {Rampage} (Okawaru
                  | gifted it to you on level 4 of the Spider Nest)
 37823 | Spider:4 | Received a gift from Okawaru
 37879 | Spider:4 | Got a gossamer rune of Zot
 37951 | Spider:4 | 37951 ||| Stepping ~*~*~tactically~*~*~ (hiding).
 37953 | Spider:4 | 37953 ||| Stepping ~*~*~tactically~*~*~ (hiding).
 37955 | Spider:4 | 37955 ||| Stepping ~*~*~tactically~*~*~ (hiding).
 38335 | Spider:4 | 38335 ||| PLANNING DEPTHS
 38335 | Spider:4 | 38335 ||| DROPPING amulet of regeneration.
 38336 | Spider:4 | 38336 ||| UPGRADING to ring of Zuf Ugei {rC+ MP+9 Int+4
                  | SInv}.
 38655 | Depths:1 | Entered Level 1 of the Depths
 38700 | Depths:1 | 38700 ||| Stepping ~*~*~tactically~*~*~ (hiding).
 38706 | Depths:1 | 38706 ||| INVOKING Heroism.
 38707 | Depths:1 | 38707 ||| INVOKING Finesse.
 38722 | Depths:1 | 38722 ||| Stepping ~*~*~tactically~*~*~ (hiding).
 38724 | Depths:1 | 38724 ||| Stepping ~*~*~tactically~*~*~ (hiding).
 38754 | Depths:1 | 38754 ||| Stepping ~*~*~tactically~*~*~ (hiding).
 38755 | Depths:1 | 38755 ||| Stepping ~*~*~tactically~*~*~ (hiding).
 38756 | Depths:1 | 38756 ||| Stepping ~*~*~tactically~*~*~ (stealth).
 38757 | Depths:1 | 38757 ||| Stepping ~*~*~tactically~*~*~ (hiding).
 38758 | Depths:1 | 38758 ||| Stepping ~*~*~tactically~*~*~ (hiding).
 38759 | Depths:1 | 38759 ||| Stepping ~*~*~tactically~*~*~ (hiding).
 38760 | Depths:1 | 38760 ||| Stepping ~*~*~tactically~*~*~ (hiding).
 38761 | Depths:1 | 38761 ||| Stepping ~*~*~tactically~*~*~ (hiding).
 38762 | Depths:1 | 38762 ||| Stepping ~*~*~tactically~*~*~ (hiding).
 38763 | Depths:1 | 38763 ||| Stepping ~*~*~tactically~*~*~ (stealth).
 38858 | Depths:1 | Found a transporter.
 38926 | Depths:1 | 38926 ||| INVOKING Heroism.
 38927 | Depths:1 | 38927 ||| INVOKING Finesse.
 38967 | Depths:1 | 38967 ||| Stepping ~*~*~tactically~*~*~ (stealth).
 38986 | Depths:1 | Reached XP level 22. HP: 146/149 MP: 29/29
 39066 | Depths:1 | 39066 ||| Stepping ~*~*~tactically~*~*~ (hiding).
 39087 | Depths:1 | Identified the +3 pair of boots of the Ward {Fly rF- Will++
                  | Dex+2} (Okawaru gifted it to you on level 1 of the Depths)
 39087 | Depths:1 | Received a gift from Okawaru
 39207 | Depths:1 | 39207 ||| INVOKING Heroism.
 39208 | Depths:1 | 39208 ||| INVOKING Finesse.
 39250 | Depths:1 | 39250 ||| Stepping ~*~*~tactically~*~*~ (hiding).
 39256 | Depths:1 | Found a gateway to Hell.
 39279 | Depths:1 | Identified the +0 plate armour "Noodimuo" {Drain Int+3}
 39462 | Depths:1 | Noticed Nikola
 39463 | Depths:1 | 39463 ||| Stepping ~*~*~tactically~*~*~ (hiding).
 39471 | Depths:1 | 39471 ||| INVOKING Heroism.
 39475 | Depths:1 | Killed Nikola
 39646 | Depths:1 | 39646 ||| Stepping ~*~*~tactically~*~*~ (hiding).
 39647 | Depths:1 | 39647 ||| Stepping ~*~*~tactically~*~*~ (hiding).
 39654 | Depths:1 | Reached skill level 21 in Armour
 39779 | Depths:1 | Found a one-way gate to the infinite horrors of the Abyss.
 39867 | Depths:1 | Found a transporter.
 39950 | Depths:1 | 39950 ||| DROPPING +0 plate armour "Noodimuo" {Drain
                  | Int+3}.
 40023 | Depths:2 | 40023 ||| STAIRDANCE
 40029 | Depths:1 | 40029 ||| INVOKING Heroism.
 40105 | Depths:2 | 40105 ||| Stepping ~*~*~tactically~*~*~ (hiding).
 40107 | Depths:2 | 40107 ||| INVOKING Heroism.
 40108 | Depths:2 | 40108 ||| INVOKING Finesse.
 40114 | Depths:2 | Identified the +7 battleaxe of Coimant {venom, rPois rF+
                  | rN+}
 40121 | Depths:2 | 40121 ||| Stepping ~*~*~tactically~*~*~ (hiding).
 40125 | Depths:2 | 40125 ||| Stepping ~*~*~tactically~*~*~ (hiding).
 40133 | Depths:2 | 40133 ||| Stepping ~*~*~tactically~*~*~ (hiding).
 40201 | Depths:2 | Identified the ring of Curiosity {rC+ rN+ rCorr Int+2}
 40201 | Depths:2 | Identified the staff of death "Riczehav" {rF+ rN+ Will-
                  | Stlth+}
 40210 | Depths:2 | Identified the ring of Tiyblida {Will+ Dex+3 SInv}
 40236 | Depths:2 | 40236 ||| Stepping ~*~*~tactically~*~*~ (stealth).
 40238 | Depths:2 | 40238 ||| Stepping ~*~*~tactically~*~*~ (stealth).
 40268 | Depths:2 | 40268 ||| INVOKING Finesse.
 40352 | Depths:2 | 40352 ||| UPGRADING to ring of Tiyblida {Will+ Dex+3 SInv}.
 40380 | Depths:2 | 40380 ||| Stepping ~*~*~tactically~*~*~ (hiding).
 40403 | Depths:2 | Identified the +0 leather armour of the Land of Plenty {rF+
                  | Dex+3}
 40458 | Depths:2 | 40458 ||| Stepping ~*~*~tactically~*~*~ (hiding).
 40474 | Depths:2 | 40474 ||| Stepping ~*~*~tactically~*~*~ (hiding).
 40478 | Depths:2 | 40478 ||| INVOKING Heroism.
 40486 | Depths:2 | 40486 ||| Stepping ~*~*~tactically~*~*~ (hiding).
 40515 | Depths:2 | 40515 ||| INVOKING Heroism.
 40516 | Depths:2 | 40516 ||| INVOKING Finesse.
 40524 | Depths:2 | Received a gift from Okawaru
 40603 | Depths:2 | 40603 ||| Stepping ~*~*~tactically~*~*~ (hiding).
 40630 | Depths:2 | 40630 ||| INVOKING Heroism.
 40791 | Depths:2 | Found a one-way gateway to a ziggurat.
 40894 | Depths:2 | Found a one-way gate leading to the halls of Pandemonium.
 40992 | Depths:3 | 40992 ||| INVOKING Heroism.
 40993 | Depths:3 | 40993 ||| INVOKING Finesse.
 41005 | Depths:3 | Received a gift from Okawaru
 41202 | Depths:3 | 41202 ||| INVOKING Heroism.
 41224 | Depths:3 | Reached skill level 20 in Fighting
 41262 | Depths:3 | HP: 34/152 [juggernaut zombie (13)]
 41263 | Depths:3 | 41263 ||| READING 13 scrolls of teleportation.
 41264 | Depths:3 | 41264 ||| DRINKING 5 potions of heal wounds.
 41266 | Depths:3 | 41266 ||| INVOKING Heroism.
 41342 | Depths:3 | 41342 ||| Stepping ~*~*~tactically~*~*~ (stealth).
 41345 | Depths:3 | Identified the +3 rapier "Ixzebin" {holy, rC- rN+ Str+5
                  | Stlth+} (Okawaru gifted it to you on level 3 of the Depths)
 41345 | Depths:3 | Received a gift from Okawaru
 41362 | Depths:3 | 41362 ||| INVOKING Heroism.
 41363 | Depths:3 | 41363 ||| INVOKING Finesse.
 41398 | Depths:3 | Reached XP level 23. HP: 156/156 MP: 30/30
 41439 | Depths:3 | Reached skill level 21 in Shields
 41509 | Depths:3 | 41509 ||| Stepping ~*~*~tactically~*~*~ (stealth).
 41511 | Depths:3 | 41511 ||| Stepping ~*~*~tactically~*~*~ (stealth).
 41512 | Depths:3 | 41512 ||| Stepping ~*~*~tactically~*~*~ (stealth).
 41575 | Depths:3 | 41575 ||| Stepping ~*~*~tactically~*~*~ (stealth).
 41578 | Depths:3 | 41578 ||| Stepping ~*~*~tactically~*~*~ (stealth).
 41599 | Depths:3 | 41599 ||| Stepping ~*~*~tactically~*~*~ (stealth).
 41840 | Depths:3 | Found a corrupted altar of Lugonu.
 41903 | Depths:3 | Found the +8 longbow "Zephyr" {speed, Dex+3 SInv}
 41903 | Depths:3 | Noticed a juggernaut
 42014 | Depths:3 | 42014 ||| DROPPING +1 pair of gloves.
 42037 | Depths:4 | Entered Level 4 of the Depths
 42042 | Depths:4 | 42042 ||| INVOKING Heroism.
 42056 | Depths:4 | Received a gift from Okawaru
 42206 | Depths:4 | 42206 ||| Stepping ~*~*~tactically~*~*~ (hiding).
 42207 | Depths:4 | 42207 ||| Stepping ~*~*~tactically~*~*~ (hiding).
 42211 | Depths:4 | 42211 ||| INVOKING Heroism.
 42215 | Depths:4 | 42215 ||| Stepping ~*~*~tactically~*~*~ (hiding).
 42216 | Depths:4 | 42216 ||| Stepping ~*~*~tactically~*~*~ (hiding).
 42218 | Depths:4 | 42218 ||| DRINKING 4 potions of resistance.
 42221 | Depths:4 | 42221 ||| INVOKING Finesse.
 42223 | Depths:4 | Received a gift from Okawaru
 42229 | Depths:4 | HP: 27/158 [blizzard demon/bolt of cold (14)]
 42230 | Depths:4 | 42230 ||| READING 12 scrolls of teleportation.
 42231 | Depths:4 | 42231 ||| DRINKING 4 potions of heal wounds.
 42235 | Depths:4 | HP: 39/158 [something (2)]
 42346 | Depths:4 | 42346 ||| Stepping ~*~*~tactically~*~*~ (stealth).
 42367 | Depths:4 | 42367 ||| INVOKING Finesse.
 42379 | Depths:4 | Reached skill level 21 in Fighting
 42394 | Depths:4 | 42394 ||| Stepping ~*~*~tactically~*~*~ (stealth).
 42395 | Depths:4 | 42395 ||| Stepping ~*~*~tactically~*~*~ (stealth).
 42404 | Depths:4 | 42404 ||| INVOKING Heroism.
 42409 | Depths:4 | 42409 ||| Stepping ~*~*~tactically~*~*~ (stealth).
 42415 | Depths:4 | 42415 ||| Stepping ~*~*~tactically~*~*~ (stealth).
 42428 | Depths:4 | Noticed a golden dragon
 42429 | Depths:4 | 42429 ||| INVOKING Finesse.
 42439 | Depths:4 | Killed a golden dragon
 42442 | Depths:4 | Found a gate to the Realm of Zot.
 42464 | Depths:4 | Received a gift from Okawaru
 42481 | Depths:4 | 42481 ||| FLEEEEING.
 42483 | Depths:4 | 42483 ||| FLEEEEING.
 42484 | Depths:4 | 42484 ||| FLEEEEING.
 42504 | Depths:4 | 42504 ||| Stepping ~*~*~tactically~*~*~ (stealth).
 42505 | Depths:4 | 42505 ||| Stepping ~*~*~tactically~*~*~ (stealth).
 42506 | Depths:4 | 42506 ||| Stepping ~*~*~tactically~*~*~ (stealth).
 42567 | Depths:4 | 42567 ||| INVOKING Heroism.
 42568 | Depths:4 | 42568 ||| INVOKING Finesse.
 42605 | Depths:4 | 42605 ||| Stepping ~*~*~tactically~*~*~ (stealth).
 42612 | Depths:4 | 42612 ||| Stepping ~*~*~tactically~*~*~ (hiding).
 42614 | Depths:4 | 42614 ||| Stepping ~*~*~tactically~*~*~ (hiding).
 42615 | Depths:4 | 42615 ||| Stepping ~*~*~tactically~*~*~ (hiding).
 42616 | Depths:4 | 42616 ||| Stepping ~*~*~tactically~*~*~ (hiding).
 42668 | Depths:4 | 42668 ||| Stepping ~*~*~tactically~*~*~ (stealth).
 42673 | Depths:4 | 42673 ||| INVOKING Finesse.
 42715 | Depths:4 | 42715 ||| Stepping ~*~*~tactically~*~*~ (stealth).
 42716 | Depths:4 | 42716 ||| Stepping ~*~*~tactically~*~*~ (stealth).
 42735 | Depths:4 | 42735 ||| Stepping ~*~*~tactically~*~*~ (hiding).
 42795 | Depths:4 | 42795 ||| Stepping ~*~*~tactically~*~*~ (hiding).
 42796 | Depths:4 | 42796 ||| Stepping ~*~*~tactically~*~*~ (hiding).
 42797 | Depths:4 | 42797 ||| Stepping ~*~*~tactically~*~*~ (hiding).
 42798 | Depths:4 | 42798 ||| Stepping ~*~*~tactically~*~*~ (hiding).
 42799 | Depths:4 | 42799 ||| Stepping ~*~*~tactically~*~*~ (hiding).
 42802 | Depths:4 | 42802 ||| Stepping ~*~*~tactically~*~*~ (hiding).
 42803 | Depths:4 | 42803 ||| Stepping ~*~*~tactically~*~*~ (hiding).
 42804 | Depths:4 | 42804 ||| Stepping ~*~*~tactically~*~*~ (hiding).
 43039 | Depths:4 | 43039 ||| Stepping ~*~*~tactically~*~*~ (stealth).
 43041 | Depths:4 | 43041 ||| Stepping ~*~*~tactically~*~*~ (hiding).
 43042 | Depths:4 | 43042 ||| DRINKING 3 potions of resistance.
 43043 | Depths:4 | 43043 ||| INVOKING Heroism.
 43050 | Depths:4 | Reached skill level 22 in Fighting
 43091 | Depths:4 | 43091 ||| Stepping ~*~*~tactically~*~*~ (hiding).
 43204 | Depths:4 | 43204 ||| Stepping ~*~*~tactically~*~*~ (hiding).
 43235 | Depths:4 | Noticed a juggernaut
 43236 | Depths:4 | 43236 ||| Stepping ~*~*~tactically~*~*~ (stealth).
 43236 | Depths:4 | Identified the +9 shortbow of Orhufe {flame, Int+2}
 43238 | Depths:4 | 43238 ||| INVOKING Heroism.
 43248 | Depths:4 | Killed a juggernaut
 43249 | Depths:4 | Received a gift from Okawaru
 43335 | Depths:4 | Found the +3 giant club "Skullcrusher" {speed, Str+7}
 43492 | Depths:4 | 43492 ||| Stepping ~*~*~tactically~*~*~ (hiding).
 43519 | Depths:4 | 43519 ||| Stepping ~*~*~tactically~*~*~ (stealth).
 43528 | Depths:4 | 43528 ||| Stepping ~*~*~tactically~*~*~ (hiding).
 43655 | Depths:4 | 43655 ||| INVOKING Heroism.
 43719 | Depths:4 | 43719 ||| PLANNING VAULTS:5
 43923 | Vaults:5 | Entered Level 5 of the Vaults
 43924 | Vaults:5 | 43924 ||| INVOKING Heroism.
 43929 | Vaults:5 | Received a gift from Okawaru
 43935 | Vaults:5 | 43935 ||| INVOKING Finesse.
 43946 | Vaults:5 | Reached XP level 24. HP: 62/168 MP: 30/30
 43946 | Vaults:5 | 43946 ||| STAIRDANCE
 44052 | Vaults:5 | 44052 ||| Stepping ~*~*~tactically~*~*~ (stealth).
 44054 | Vaults:5 | 44054 ||| INVOKING Heroism.
 44072 | Vaults:5 | 44072 ||| Stepping ~*~*~tactically~*~*~ (hiding).
 44075 | Vaults:5 | 44075 ||| Stepping ~*~*~tactically~*~*~ (hiding).
 44076 | Vaults:5 | 44076 ||| Stepping ~*~*~tactically~*~*~ (hiding).
 44144 | Vaults:5 | 44144 ||| Stepping ~*~*~tactically~*~*~ (hiding).
 44145 | Vaults:5 | 44145 ||| Stepping ~*~*~tactically~*~*~ (hiding).
 44146 | Vaults:5 | 44146 ||| INVOKING Heroism.
 44152 | Vaults:5 | Received a gift from Okawaru
 44156 | Vaults:5 | Noticed a dread lich
 44157 | Vaults:5 | 44157 ||| INVOKING Finesse.
 44170 | Vaults:5 | Killed a dread lich
 44170 | Vaults:5 | Received a gift from Okawaru
 44185 | Vaults:5 | Noticed an ancient lich
 44192 | Vaults:5 | Received a gift from Okawaru
 44203 | Vaults:5 | Killed an ancient lich
 44211 | Vaults:5 | 44211 ||| INVOKING Heroism.
 44279 | Vaults:5 | 44279 ||| Stepping ~*~*~tactically~*~*~ (hiding).
 44280 | Vaults:5 | 44280 ||| Stepping ~*~*~tactically~*~*~ (hiding).
 44281 | Vaults:5 | 44281 ||| Stepping ~*~*~tactically~*~*~ (hiding).
 44491 | Vaults:5 | Identified the staff of poison "Zodif" {+Blink rPois Dex+3
                  | Stlth+}
 44495 | Vaults:5 | 44495 ||| Stepping ~*~*~tactically~*~*~ (stealth).
 44496 | Vaults:5 | 44496 ||| Stepping ~*~*~tactically~*~*~ (stealth).
 44497 | Vaults:5 | 44497 ||| Stepping ~*~*~tactically~*~*~ (stealth).
 44498 | Vaults:5 | 44498 ||| Stepping ~*~*~tactically~*~*~ (stealth).
 44536 | Vaults:5 | 44536 ||| Stepping ~*~*~tactically~*~*~ (hiding).
 44538 | Vaults:5 | 44538 ||| Stepping ~*~*~tactically~*~*~ (hiding).
 44539 | Vaults:5 | 44539 ||| Stepping ~*~*~tactically~*~*~ (hiding).
 44540 | Vaults:5 | 44540 ||| Stepping ~*~*~tactically~*~*~ (hiding).
 44701 | Vaults:5 | 44701 ||| Stepping ~*~*~tactically~*~*~ (stealth).
 44710 | Vaults:5 | Reached skill level 23 in Fighting
 44736 | Vaults:5 | 44736 ||| Stepping ~*~*~tactically~*~*~ (stealth).
 44738 | Vaults:5 | 44738 ||| Stepping ~*~*~tactically~*~*~ (stealth).
 44739 | Vaults:5 | 44739 ||| Stepping ~*~*~tactically~*~*~ (stealth).
 44740 | Vaults:5 | 44740 ||| Stepping ~*~*~tactically~*~*~ (stealth).
 44742 | Vaults:5 | 44742 ||| Stepping ~*~*~tactically~*~*~ (stealth).
 44754 | Vaults:5 | 44754 ||| INVOKING Heroism.
 44778 | Vaults:5 | 44778 ||| Stepping ~*~*~tactically~*~*~ (hiding).
 44779 | Vaults:5 | 44779 ||| Stepping ~*~*~tactically~*~*~ (hiding).
 44781 | Vaults:5 | 44781 ||| Stepping ~*~*~tactically~*~*~ (hiding).
 44847 | Vaults:5 | 44847 ||| Stepping ~*~*~tactically~*~*~ (hiding).
 44848 | Vaults:5 | 44848 ||| Stepping ~*~*~tactically~*~*~ (hiding).
 44849 | Vaults:5 | 44849 ||| INVOKING Heroism.
 44850 | Vaults:5 | 44850 ||| Stepping ~*~*~tactically~*~*~ (hiding).
 44858 | Vaults:5 | Received a gift from Okawaru
 44859 | Vaults:5 | 44859 ||| Stepping ~*~*~tactically~*~*~ (hiding).
 44879 | Vaults:5 | 44879 ||| Stepping ~*~*~tactically~*~*~ (stealth).
 44883 | Vaults:5 | Reached skill level 12 in Throwing
 44890 | Vaults:5 | 44890 ||| Stepping ~*~*~tactically~*~*~ (hiding).
 44891 | Vaults:5 | 44891 ||| Stepping ~*~*~tactically~*~*~ (hiding).
 44892 | Vaults:5 | 44892 ||| Stepping ~*~*~tactically~*~*~ (hiding).
 44893 | Vaults:5 | 44893 ||| Stepping ~*~*~tactically~*~*~ (hiding).
 44894 | Vaults:5 | 44894 ||| Stepping ~*~*~tactically~*~*~ (hiding).
 44895 | Vaults:5 | 44895 ||| Stepping ~*~*~tactically~*~*~ (hiding).
 44896 | Vaults:5 | 44896 ||| Stepping ~*~*~tactically~*~*~ (hiding).
 45041 | Vaults:5 | Identified the +0 robe of Panentheism {Contam Regen+ Str+3
                  | Slay+2}
 45050 | Vaults:5 | Got a silver rune of Zot
 45103 | Vaults:5 | 45103 ||| Stepping ~*~*~tactically~*~*~ (stealth).
 45112 | Vaults:5 | 45112 ||| Stepping ~*~*~tactically~*~*~ (hiding).
 45116 | Vaults:5 | Received a gift from Okawaru
 45123 | Vaults:5 | Noticed a dread lich
 45124 | Vaults:5 | 45124 ||| INVOKING Heroism.
 45125 | Vaults:5 | 45125 ||| INVOKING Finesse.
 45135 | Vaults:5 | Killed a dread lich
 45186 | Vaults:5 | 45186 ||| Stepping ~*~*~tactically~*~*~ (hiding).
 45188 | Vaults:5 | 45188 ||| Stepping ~*~*~tactically~*~*~ (hiding).
 45393 | Vaults:5 | 45393 ||| Stepping ~*~*~tactically~*~*~ (stealth).
 45433 | Vaults:5 | Identified the +6 mace "Hini" {heavy, Int+3 Dex+3 Stlth+}
 45474 | Vaults:5 | 45474 ||| Stepping ~*~*~tactically~*~*~ (stealth).
 45479 | Vaults:5 | 45479 ||| Stepping ~*~*~tactically~*~*~ (stealth).
 45480 | Vaults:5 | 45480 ||| Stepping ~*~*~tactically~*~*~ (stealth).
 45483 | Vaults:5 | 45483 ||| Stepping ~*~*~tactically~*~*~ (stealth).
 45626 | Vaults:5 | 45626 ||| PLANNING SHOPPING SPREE
 45626 | Vaults:5 | 45626 ||| UPGRADING to +2 tower shield of protection.
 45636 | Vaults:5 | 45636 ||| DROPPING +0 tower shield.
 45637 | Vaults:5 | 45637 ||| DROPPING +3 plate armour of positive energy.
 45926 | D:8      | 45926 ||| BUYING 2 scrolls of teleportation (96 gold).
 45926 | D:8      | Bought 2 scrolls of teleportation for 96 gold pieces
 45926 | D:8      | 45926 ||| BUYING scroll of enchant weapon (120 gold).
 45926 | D:8      | Bought a scroll of enchant weapon for 120 gold pieces
 45926 | D:8      | 45926 ||| READING scroll of enchant weapon.
 45926 | D:8      | 45926 ||| ENCHANTING +6 spectral broad axe.
 45969 | D:8      | 45969 ||| BUYING scroll of enchant weapon (82 gold).
 45969 | D:8      | Bought a scroll of enchant weapon for 82 gold pieces
 45969 | D:8      | 45969 ||| BUYING scroll of enchant weapon (82 gold).
 45969 | D:8      | Bought a scroll of enchant weapon for 82 gold pieces
 45969 | D:8      | 45969 ||| BUYING scroll of teleportation (33 gold).
 45969 | D:8      | Bought a scroll of teleportation for 33 gold pieces
 45969 | D:8      | 45969 ||| BUYING scroll of teleportation (33 gold).
 45969 | D:8      | Bought a scroll of teleportation for 33 gold pieces
 45969 | D:8      | 45969 ||| READING 2 scrolls of enchant weapon.
 45969 | D:8      | 45969 ||| ENCHANTING +7 spectral broad axe.
 45970 | D:8      | 45970 ||| DROPPING +8 broad axe of the Doomed Warrior
                  | {flame, rPois rC+}.
 45971 | D:8      | 45971 ||| READING scroll of enchant weapon.
 45971 | D:8      | 45971 ||| ENCHANTING +8 spectral broad axe.
 46025 | D:7      | 46025 ||| BUYING scroll of teleportation (39 gold).
 46025 | D:7      | Bought a scroll of teleportation for 39 gold pieces
 46025 | D:7      | 46025 ||| BUYING scroll of teleportation (39 gold).
 46025 | D:7      | Bought a scroll of teleportation for 39 gold pieces
 46141 | D:4      | 46141 ||| BUYING potion of heal wounds (50 gold).
 46141 | D:4      | Bought a potion of heal wounds for 50 gold pieces
 46141 | D:4      | 46141 ||| BUYING potion of heal wounds (50 gold).
 46141 | D:4      | Bought a potion of heal wounds for 50 gold pieces
 46141 | D:4      | 46141 ||| BUYING potion of resistance (100 gold).
 46141 | D:4      | Bought a potion of resistance for 100 gold pieces
 46223 | D:5      | 46223 ||| BUYING +2 cloak (231 gold).
 46223 | D:5      | Bought a +2 cloak for 231 gold pieces
 46223 | D:5      | 46223 ||| DROPPING +1 cloak.
 46341 | D:8      | 46341 ||| BUYING heavily runed scarf (290 gold).
 46341 | D:8      | Bought a heavily runed scarf for 290 gold pieces
 46341 | D:8      | Identified the scarf of Xewimmisi {shadows, Str+3 Dex+2}
                  | (You bought it in a shop on level 8 of the Dungeon)
 46341 | D:8      | 46341 ||| BUYING runed plate armour (754 gold).
 46341 | D:8      | Bought a runed plate armour for 754 gold pieces
 46341 | D:8      | 46341 ||| DROPPING scarf of Xewimmisi {shadows, Str+3
                  | Dex+2}.
 46342 | D:8      | 46342 ||| DROPPING +2 plate armour of poison resistance.
 46343 | D:8      | 46343 ||| PLANNING ZOT:1-4
 46598 | Zot:1    | Entered Level 1 of the Realm of Zot
 46635 | Zot:1    | 46635 ||| Stepping ~*~*~tactically~*~*~ (hiding).
 46638 | Zot:1    | 46638 ||| Stepping ~*~*~tactically~*~*~ (hiding).
 46650 | Zot:1    | 46650 ||| INVOKING Heroism.
 46651 | Zot:1    | Received a gift from Okawaru
 46664 | Zot:1    | 46664 ||| Stepping ~*~*~tactically~*~*~ (hiding).
 46759 | Zot:1    | Received a gift from Okawaru
 46905 | Zot:1    | 46905 ||| INVOKING Heroism.
 47125 | Zot:1    | 47125 ||| Stepping ~*~*~tactically~*~*~ (hiding).
 47155 | Zot:1    | 47155 ||| Stepping ~*~*~tactically~*~*~ (hiding).
 47162 | Zot:1    | Received a gift from Okawaru
 47390 | Zot:1    | Noticed Grunn
 47391 | Zot:1    | 47391 ||| Stepping ~*~*~tactically~*~*~ (hiding).
 47392 | Zot:1    | 47392 ||| Stepping ~*~*~tactically~*~*~ (hiding).
 47393 | Zot:1    | 47393 ||| INVOKING Heroism.
 47394 | Zot:1    | 47394 ||| INVOKING Finesse.
 47406 | Zot:1    | Killed Grunn
 47486 | Zot:1    | 47486 ||| INVOKING Heroism.
 47506 | Zot:1    | 47506 ||| FLEEEEING.
 47507 | Zot:1    | 47507 ||| FLEEEEING.
 47508 | Zot:1    | 47508 ||| FLEEEEING.
 47509 | Zot:1    | 47509 ||| FLEEEEING.
 47510 | Zot:1    | 47510 ||| FLEEEEING.
 47511 | Zot:1    | 47511 ||| FLEEEEING.
 47512 | Zot:1    | 47512 ||| FLEEEEING.
 47513 | Zot:1    | 47513 ||| FLEEEEING.
 47517 | Zot:1    | 47517 ||| FLEEEEING.
 47518 | Zot:1    | 47518 ||| FLEEEEING.
 47520 | Zot:1    | 47520 ||| FLEEEEING.
 47521 | Zot:1    | 47521 ||| FLEEEEING.
 47522 | Zot:1    | 47522 ||| FLEEEEING.
 47523 | Zot:1    | 47523 ||| FLEEEEING.
 47524 | Zot:1    | 47524 ||| FLEEEEING.
 47525 | Zot:1    | 47525 ||| FLEEEEING.
 47526 | Zot:1    | 47526 ||| FLEEEEING.
 47530 | Zot:1    | 47530 ||| FLEEEEING.
 47531 | Zot:1    | 47531 ||| FLEEEEING.
 47532 | Zot:1    | 47532 ||| FLEEEEING.
 47533 | Zot:1    | 47533 ||| FLEEEEING.
 47534 | Zot:1    | 47534 ||| FLEEEEING.
 47535 | Zot:1    | 47535 ||| FLEEEEING.
 47536 | Zot:1    | 47536 ||| FLEEEEING.
 47537 | Zot:1    | 47537 ||| FLEEEEING.
 47538 | Zot:1    | 47538 ||| FLEEEEING.
 47539 | Zot:1    | 47539 ||| FLEEEEING.
 47540 | Zot:1    | 47540 ||| FLEEEEING.
 47541 | Zot:1    | 47541 ||| FLEEEEING.
 47542 | Zot:1    | 47542 ||| STAIRDANCE
 47985 | Zot:2    | 47985 ||| INVOKING Heroism.
 47995 | Zot:2    | Received a gift from Okawaru
 47995 | Zot:2    | Noticed an orb of fire
 47996 | Zot:2    | 47996 ||| DRINKING 3 potions of resistance.
 47997 | Zot:2    | 47997 ||| INVOKING Finesse.
 48003 | Zot:2    | 48003 ||| DRINKING 2 potions of resistance.
 48013 | Zot:2    | Reached XP level 25. HP: 66/178 MP: 30/30
 48020 | Zot:2    | Gained mutation: You do not regenerate when monsters are
                  | visible. [an orb of fire]
 48025 | Zot:2    | Killed an orb of fire
 48026 | Zot:2    | Reached skill level 24 in Fighting
 48031 | Zot:2    | HP: 43/178 [purple draconian shifter/bolt of dispelling
                  | energy[a yellow draconian annihilator] (7)]
 48032 | Zot:2    | 48032 ||| READING 23 scrolls of teleportation.
 48033 | Zot:2    | 48033 ||| DRINKING 6 potions of heal wounds.
 48046 | Zot:2    | Received a gift from Okawaru
 48047 | Zot:2    | 48047 ||| FLEEEEING.
 48048 | Zot:2    | 48048 ||| FLEEEEING.
 48049 | Zot:2    | 48049 ||| FLEEEEING.
 48050 | Zot:2    | 48050 ||| FLEEEEING.
 48060 | Zot:2    | 48060 ||| FLEEEEING.
 48061 | Zot:2    | 48061 ||| FLEEEEING.
 48062 | Zot:2    | 48062 ||| FLEEEEING.
 48063 | Zot:2    | 48063 ||| STAIRDANCE
 48065 | Zot:1    | 48065 ||| INVOKING Heroism.
 48142 | Zot:1    | 48142 ||| DRINKING 6 potions of mutation.
 48142 | Zot:1    | Lost mutation: You do not regenerate when monsters are
                  | visible. [potion of mutation]
 48142 | Zot:1    | Lost mutation: You are dopey. (Int -2) [potion of mutation]
 48142 | Zot:1    | Gained mutation: You do not regenerate when monsters are
                  | visible. [potion of mutation]
 48142 | Zot:1    | Gained mutation: You have a pair of small horns on your
                  | head. [potion of mutation]
 48143 | Zot:1    | 48143 ||| DRINKING 5 potions of mutation.
 48143 | Zot:1    | Lost mutation: You have a pair of small horns on your head.
                  | [potion of mutation]
 48143 | Zot:1    | Lost mutation: You do not regenerate when monsters are
                  | visible. [potion of mutation]
 48143 | Zot:1    | Gained mutation: Your muscles are strong. (Str +4, Int/Dex
                  | -1) [potion of mutation]
 48144 | Zot:1    | 48144 ||| UPGRADING to +4 helmet of the Farrier {Rampage}.
 48149 | Zot:1    | 48149 ||| DROPPING +2 helmet of Okawaru's Indignation
                  | {Will+ Int+5}.
 48150 | Zot:1    | 48150 ||| UPGRADING to ring of Temperance {rF+ rC+ Will+
                  | Int-3}.
 48192 | Zot:2    | 48192 ||| Stepping ~*~*~tactically~*~*~ (stealth).
 48194 | Zot:2    | 48194 ||| INVOKING Heroism.
 48208 | Zot:2    | Received a gift from Okawaru
 48233 | Zot:2    | HP: 37/180 [storm dragon/bolt of lightning (11)]
 48234 | Zot:2    | 48234 ||| READING 22 scrolls of teleportation.
 48235 | Zot:2    | 48235 ||| DRINKING 6 potions of heal wounds.
 48236 | Zot:2    | 48236 ||| DRINKING 5 potions of heal wounds.
 48239 | Zot:2    | Identified the +1 animal skin "Leqouloa" {Str+2} (Okawaru
                  | gifted it to you on level 2 of the Realm of Zot)
 48239 | Zot:2    | Received a gift from Okawaru
 48261 | Zot:2    | Found the +4 dragonskin cloak
 48261 | Zot:2    | Identified the ring "Nuafi" {*Slow Fly rN+ EV+5}
 48261 | Zot:2    | Noticed Tiamat
 48261 | Zot:2    | Found the +2 pair of slick slippers {slick, slippery, EV+4}
 48262 | Zot:2    | 48262 ||| INVOKING Finesse.
 48268 | Zot:2    | 48268 ||| INVOKING Heroism.
 48291 | Zot:2    | HP: 14/180 [Tiamat/+7 great sword of holy wrath (35)]
 48292 | Zot:2    | 48292 ||| READING 21 scrolls of teleportation.
 48293 | Zot:2    | 48293 ||| DRINKING 4 potions of heal wounds.
 48293 | Zot:2    | HP: 3/180 [Tiamat/bolt of dispelling energy (35)]
 48294 | Zot:2    | 48294 ||| READING 20 scrolls of teleportation.
 48295 | Zot:2    | 48295 ||| DRINKING 3 potions of heal wounds.
 48296 | Zot:2    | 48296 ||| DRINKING 2 potions of heal wounds.
 48299 | Zot:2    | HP: 40/180 [Tiamat/+7 great sword of holy wrath (20)]
 48300 | Zot:2    | 48300 ||| DRINKING potion of heal wounds.
 48302 | Zot:2    | Killed Tiamat
 48308 | Zot:2    | HP: 38/180 [shadow dragon (6)]
 48314 | Zot:2    | HP: 38/180 [storm dragon/bolt of lightning (1)]
 48319 | Zot:2    | Reached skill level 25 in Fighting
 48319 | Zot:2    | HP: 40/181 [ice dragon (1)]
 48343 | Zot:2    | 48343 ||| Stepping ~*~*~tactically~*~*~ (stealth).
 48351 | Zot:2    | 48351 ||| INVOKING Heroism.
 48457 | Zot:2    | 48457 ||| Stepping ~*~*~tactically~*~*~ (stealth).
 48458 | Zot:2    | 48458 ||| Stepping ~*~*~tactically~*~*~ (stealth).
 48489 | Zot:2    | 48489 ||| Stepping ~*~*~tactically~*~*~ (stealth).
 48492 | Zot:2    | 48492 ||| Stepping ~*~*~tactically~*~*~ (hiding).
 48494 | Zot:2    | 48494 ||| Stepping ~*~*~tactically~*~*~ (hiding).
 48684 | Zot:2    | Identified the staff of cold "Lidd" {rC+ Will+}
 48862 | Zot:2    | Identified the staff of conjuration "Rulimydo" {Str+2}
 49050 | Zot:2    | Noticed a Killer Klown
 49054 | Zot:2    | Noticed a Killer Klown
 49055 | Zot:2    | Noticed qw's ghost (veteran GrFi)
 49064 | Zot:2    | Noticed a Killer Klown
 49089 | Zot:2    | Found a transporter.
 49092 | Zot:2    | Found a transporter.
 49166 | Zot:2    | 49166 ||| DROPPING +2 cloak.
 49296 | Zot:3    | 49296 ||| Stepping ~*~*~tactically~*~*~ (hiding).
 49300 | Zot:3    | 49300 ||| Stepping ~*~*~tactically~*~*~ (hiding).
 49301 | Zot:3    | 49301 ||| Stepping ~*~*~tactically~*~*~ (hiding).
 49302 | Zot:3    | 49302 ||| Stepping ~*~*~tactically~*~*~ (hiding).
 49303 | Zot:3    | 49303 ||| Stepping ~*~*~tactically~*~*~ (hiding).
 49323 | Zot:3    | Noticed a Killer Klown
 49324 | Zot:3    | 49324 ||| INVOKING Heroism.
 49331 | Zot:3    | Killed a Killer Klown
 49332 | Zot:3    | Reached skill level 9 in Dodging
 49409 | Zot:3    | 49409 ||| INVOKING Heroism.
 49484 | Zot:3    | 49484 ||| INVOKING Heroism.
 49571 | Zot:3    | 49571 ||| Stepping ~*~*~tactically~*~*~ (stealth).
 49654 | Zot:3    | 49654 ||| INVOKING Heroism.
 49664 | Zot:3    | 49664 ||| Stepping ~*~*~tactically~*~*~ (hiding).
 49989 | Zot:4    | 49989 ||| INVOKING Heroism.
 50008 | Zot:4    | HP: 43/181 [death cob (10)]
 50009 | Zot:4    | 50009 ||| READING 19 scrolls of teleportation.
 50011 | Zot:4    | HP: 13/181 [titan/the air (32)]
 50011 | Zot:4    | Slain by a purple draconian

Levels and vault maps discovered:
D:1:      nzn_arrival_depleted_hourglass, layout_basic, minmay_misc_feat_pillars
D:2:      layout_basic, shapermc_ecumenical_altar_hornbeckon, basic_altar,
          grunt_decor_junction, uniq_robin
D:3:      layout_rooms, mainiacjoe_overflow_six_doors_small,
          minmay_misc_feat_more_columns
D:4:      layout_rooms, serial_shops, nicolae_shop_industrial_runoff,
          serial_corexii_hall, corexii_hall_statues_l, corexii_hall_statues_i,
          chequers_hall_statues_corner_a, corexii_hall_statues_i,
          kennysheep_opposing_triangles
D:5:      layout_loops_ring, serial_shops, shop_statue, minmay_checkerbox
D:6:      layout_basic, elyvilon_altar_5, minmay_misc_feat_rugged,
          uniq_crazy_yiuf_cottage, uniq_prince_ribbit1, uniq_maggie
D:7:      layout_basic, minmay_temple_entry_arrows,
          chequers_serial_rivers_small_a, nicolae_take_the_stairs,
          minmay_misc_feat_nine_boxes, dk_noncrumbling_4, st_stairs_11,
          grunt_ministairs_1, glass_columns_b
D:8:      layout_gridville, mainiacjoe_overflow_brackets, serial_shops,
          kennysheep_mini, shop, nicolae_shop_stone, shop,
          nicolae_shop_tiny_statue_garden, kennysheep_generic_room_16
D:9:      layout_loops_ring, grunt_temple_overflow_open, erik_lair_island,
          uniq_pikel
D:10:     layout_irregular_city, the_hattery
D:11:     layout_cave_pools, gauntlet_entry_generic, serial_shops,
          nicolae_stop_n_shop_2
D:12:     minmay_open_boxes_in_corner, layout_gridville, orc_0_dummy,
          nicolae_wwwww, grunt_ogre_cave, uniq_sonja
D:13:     layout_loops_cross
D:14:     layout_layer_cave, erik_vaults_2, serial_demonic, serial_demonic_a,
          serial_demonic_c, serial_demonic_d, serial_demonic_g,
          serial_demonic_d, serial_demonic_d, serial_demonic_f, drop_trap,
          nicolae_nh_vlads_tower
D:15:     hangedman_depths_entry_civil_slaughter, layout_cave_pools,
          tso_metal_star
Temple:   hellmonk_temple_divided_pantheon
Lair:1:   layout_small_grid, kennysheep_snail_temple
Lair:2:   layout_concentric_octagons, hellmonk_spider_entry_not_the_bees
Lair:3:   layout_roguey, minmay_shoals_entry_lonely_mermaid, beast_lair_carwin_8
Lair:4:   layout_cave_shapes, grunt_megastairs_5
Lair:5:   minmay_lair_end_enchanted_forest, layout_cave_pods, slime_entry_1,
          kennysheep_abandoned_house, serial_bayou_shore_b
Shoals:1: layout_shoals
Shoals:2: layout_shoals
Shoals:3: layout_shoals, serial_shops, nicolae_shop_trees
Shoals:4: shoals_end_simple, layout_shoals, ebering_ghost_gozag,
          uniq_bai_suzhen, uniq_roxanne, uniq_polyphemus
Spider:1: layout_spider_delve
Spider:2: nicolae_spider_hilbert_zone_4 [nicolae_spider_hilbert_4_sides_2_open,
          nicolae_spider_hilbert_4_sides_1_open,
          nicolae_spider_hilbert_4_sides_1_open,
          nicolae_spider_hilbert_4_sides_1_open,
          nicolae_spider_hilbert_4_sides_1_open,
          nicolae_spider_hilbert_2_sides_1_open,
          nicolae_spider_hilbert_2_sides_1_open,
          nicolae_spider_hilbert_2_sides_1_open,
          nicolae_spider_hilbert_2_sides_1_open,
          nicolae_spider_hilbert_6_sides_1_open,
          nicolae_spider_hilbert_6_sides_1_open,
          nicolae_spider_hilbert_3_sides_1_open,
          nicolae_spider_hilbert_3_sides_1_open]
Spider:3: layout_spider_delve, uniq_agnes, uniq_kirke
Spider:4: spider_rune_water, hangedman_stitches_earthworm, uniq_asterion
Orc:1:    layout_caves
Orc:2:    st_orc_pillars, layout_diamond_mine
Vaults:1: nicolae_vaults_trapezoid_lopsided_4, hangedman_vaults_maws,
          nicolae_vaults_trapezoid_1, nicolae_vaults_house_2,
          nicolae_vaults_little_squares_6, vaults_mumra_hexcomb,
          special_room_vaults [special_room_orc], nicolae_vaults_gold_heap,
          nicolae_vaults_more_shelving_1, layout_vaults_big_room
Vaults:2: minmay_crypt_entry_simple_round, grunt_vaults_bifocal,
          vaults_room_large_hall, nicolae_vaults_tangram_1, v_misc_10,
          nicolae_vaults_specimen_jars, nicolae_vaults_surprise_closet,
          vaults_room_fours, nicolae_vaults_border_crossing, v_misc_32,
          hangedman_vaults_cutoff, layout_vaults_quadrants, serial_shops,
          nicolae_shop_tiny_glass, uniq_mennas
Vaults:3: nicolae_vaults_network_quincunx
          [nicolae_vaults_network_quincunx_subvault,
          nicolae_vaults_network_quincunx_subvault,
          nicolae_vaults_network_quincunx_subvault,
          nicolae_vaults_network_quincunx_subvault,
          nicolae_vaults_network_quincunx_subvault],
          nicolae_vaults_closet_pinwheel_4, v_misc_8,
          nicolae_vaults_heart-shaped_vault, v_misc_23, v_misc_26,
          grunt_vaults_twisty, nicolae_vaults_two_Ls,
          nicolae_vaults_closet_pinwheel_4, nicolae_vaults_oozy_zoo,
          nicolae_vaults_circle_grid_a, vaults_dpeg_doors,
          layout_vaults_maze_bifur
Vaults:4: ontoclasm_vaults_ring_square, dpeg_vaults_pockets_of_resistance,
          vaults_dpeg_ring, v_misc_14, hangedman_vaults_cutoff, v_misc_29,
          ontoclasm_vaults_ring_large, vaults_room_pools,
          vaults_room_semicircle, vaults_room_ringed_pool,
          grunt_vaults_diagonal, grunt_vaults_hallway_short,
          layout_vaults_omnibox, uniq_margery
Vaults:5
Depths:1: layout_basic, hangedman_abyss_entry_splay, lightli_too_deep,
          hangedman_decor_riveting, minmay_misc_feat_four_crosses,
          nicolae_diode_stairs, uniq_nikola
Depths:2: minmay_the_grid_octo_2x2 [minmay_the_grid_octo_chip,
          minmay_the_grid_octo_focus, minmay_the_grid_octo_concentric,
          minmay_the_grid_octo_prize_square_snowflake], layout_twisted_cross,
          enter_ziggurat_b, rand_demon_pan_entry_8, hell_entry
Depths:3: hangedman_screamer, layout_cross, abyss_entry_flame_altar,
          hellmouth_3, minivault_12
Depths:4: grunt_zot_entry_tricorne, layout_long_grid, pf_coc_iceberg,
          nrook_mini_vaults, minmay_crystal_room, minmay_fire_ice_demons
Zot:1:    layout_cathedral_of_symmetry, uniq_grunn
Zot:2:    layout_onion_interference, gammafunk_ghost_abyssal_escape,
          st_grand_hoard_of_tiamat
Zot:3:    layout_gridville
Zot:4:    hangedman_zot_vaults_quadrants, layout_cathedral_of_symmetry,
          gammafunk_ghost_tricky_traps

Skill      XL: |  1  2  3  4  5  6  7  8  9 10 11 12 13 14 15 16 17 18 19 20 21 22 23 24 25 |
---------------+----------------------------------------------------------------------------+-----
Axes           | 2 3 4 5 6 7 9 10 11 12 13 15 16 17 18 | 18.0
Fighting       | 4 5 6 7 8 9 10 11 12 13 14 15 17 19 20 22 23 25 | 25.0
Dodging        | 1 2 3 4 5 6 7 8 9 |  9.1
Throwing       | 1 2 3 6 7 8 9 10 11 13 14 | 14.9
Armour         | 7 9 10 11 12 13 15 16 20 22 | 22.0
Shields        | 4 5 6 7 8 13 15 16 19 20 21 22 | 22.0
Invocations    | 4 5 9 10 | 10.0

Action                     |  1- 3 |  4- 6 |  7- 9 | 10-12 | 13-15 | 16-18 | 19-21 | 22-24 | 25-27 || total
---------------------------+-------+-------+-------+-------+-------+-------+-------+-------+-------++-------
  Melee: War axe           |    90 |   163 |   158 |   333 |   804 |   124 |       |       |       ||  1672
         Flail             |       |       |       |    18 |     6 |       |       |       |       ||    24
         Broad axe         |       |       |       |       |       |  1010 |  1337 |   977 |   270 ||  3594
  Throw: Boomerang         |       |       |     7 |   102 |    55 |     6 |       |   107 |     7 ||   284
         Javelin           |       |       |       |       |   197 |   191 |   184 |   155 |    29 ||   756
 Invoke: Heroism           |       |       |       |    26 |    30 |    39 |    18 |    30 |     9 ||   152
         Finesse           |       |       |       |     4 |     9 |     7 |    10 |    16 |     1 ||    47
    Use: Scroll            |     4 |     7 |     1 |    12 |     5 |     7 |     5 |     5 |     5 ||    51
         Potion            |       |     5 |     2 |       |       |     3 |     2 |     6 |     9 ||    27
   Stab: Distracted        |       |       |       |     3 |    10 |     2 |     6 |    37 |     6 ||    64
         Petrified         |       |       |       |       |     7 |     1 |       |       |       ||     8
         Petrifying        |       |       |       |       |     1 |     2 |       |       |       ||     3
 Armour: Scale mail        |    52 |    59 |       |       |       |       |       |       |       ||   111
         Ring mail         |       |     7 |    34 |       |       |       |       |       |       ||    41
         Plate armour      |       |       |    35 |    99 |   127 |       |       |       |       ||   261
         Chain mail        |       |       |       |       |   125 |   418 |   166 |       |       ||   709
         Crystal plate arm |       |       |       |       |       |       |   302 |   266 |   140 ||   708
  Dodge: Dodged            |    35 |   100 |    68 |   141 |   266 |   627 |   507 |   208 |    75 ||  2027
  Block: Buckler           |    24 |    26 |    22 |    65 |    91 |       |       |       |       ||   228
         Kite shield       |       |       |       |       |    70 |   800 |   205 |       |       ||  1075
         Tower shield      |       |       |       |       |       |       |   599 |   586 |   219 ||  1404

Table legend:
 A = Non-vault XP
 B = Vault XP
 C = Vault XP percentage of total XP
 D = Non-vault monster count
 E = Vault monster count
 F = Vault count percentage of total count
                 A         B        C        D         E       F
            +---------+---------+-------+---------+---------+-------
      Total |  608758 |  478508 |  44.0 |    1259 |     722 |  36.4
            +---------+---------+-------+---------+---------+-------
        D:1 |      21 |       0 |   0.0 |      14 |       0 |   0.0
        D:2 |      64 |      35 |  35.4 |      23 |      12 |  34.3
        D:3 |     147 |       0 |   0.0 |      24 |       0 |   0.0
        D:4 |      17 |      48 |  73.8 |       3 |       4 |  57.1
        D:5 |     763 |     176 |  18.7 |      24 |       4 |  14.3
        D:6 |     745 |     706 |  48.7 |      11 |       2 |  15.4
        D:7 |    1799 |     259 |  12.6 |      34 |       5 |  12.8
        D:8 |    1453 |     131 |   8.3 |      24 |       3 |  11.1
        D:9 |    1911 |    1356 |  41.5 |      24 |       9 |  27.3
       D:10 |    3166 |     229 |   6.7 |      28 |       1 |   3.4
       D:11 |    4785 |       0 |   0.0 |      22 |       0 |   0.0
       D:12 |    2205 |    4955 |  69.2 |      13 |      10 |  43.5
       D:13 |    6412 |       0 |   0.0 |      24 |       0 |   0.0
       D:14 |    9705 |   16264 |  62.6 |      23 |      29 |  55.8
       D:15 |   14090 |    3957 |  21.9 |      27 |       6 |  18.2
     Lair:1 |    6707 |     810 |  10.8 |      22 |       2 |   8.3
     Lair:2 |    7591 |     502 |   6.2 |      27 |       4 |  12.9
     Lair:3 |    7062 |    2092 |  22.9 |      26 |       9 |  25.7
     Lair:4 |    9090 |    1668 |  15.5 |      32 |       4 |  11.1
     Lair:5 |   13700 |    7586 |  35.6 |      42 |      58 |  58.0
   Shoals:1 |   16797 |       0 |   0.0 |      29 |       0 |   0.0
   Shoals:2 |    4292 |       0 |   0.0 |       9 |       0 |   0.0
   Shoals:3 |   14936 |       0 |   0.0 |      30 |       0 |   0.0
   Shoals:4 |   15867 |   30541 |  65.8 |      38 |      40 |  51.3
   Spider:1 |   14963 |       0 |   0.0 |      46 |       0 |   0.0
   Spider:2 |   21319 |    3242 |  13.2 |      60 |       6 |   9.1
   Spider:3 |   12291 |    3775 |  23.5 |      29 |       7 |  19.4
   Spider:4 |   12607 |   28593 |  69.4 |      29 |      51 |  63.8
      Orc:1 |    1366 |       0 |   0.0 |       9 |       0 |   0.0
      Orc:2 |    2720 |   10211 |  79.0 |      25 |      66 |  72.5
   Vaults:1 |   27439 |   21967 |  44.5 |      41 |      46 |  52.9
   Vaults:2 |   54219 |   26904 |  33.2 |      82 |      29 |  26.1
   Vaults:3 |   21608 |   15654 |  42.0 |      30 |      22 |  42.3
   Vaults:4 |   34311 |   32856 |  48.9 |      49 |      41 |  45.6
   Vaults:5 |   16949 |  101274 |  85.7 |      30 |      88 |  74.6
   Depths:1 |   48106 |    4463 |   8.5 |      64 |       4 |   5.9
   Depths:2 |   22818 |   27192 |  54.4 |      28 |      28 |  50.0
   Depths:3 |   25407 |   34364 |  57.5 |      26 |      46 |  63.9
   Depths:4 |   47036 |   30181 |  39.1 |      50 |      28 |  35.9
      Zot:1 |   28516 |    5936 |  17.2 |      29 |       3 |   9.4
      Zot:2 |   38544 |   42957 |  52.7 |      29 |      27 |  48.2
      Zot:3 |   35214 |       0 |   0.0 |      30 |       0 |   0.0
      Zot:4 |       0 |   13969 | 100.0 |       0 |      14 | 100.0
   Gauntlet |       0 |    3655 | 100.0 |       0 |      14 | 100.0
            +---------+---------+-------+---------+---------+-------
